Workbook

Sheet Неон
B1: Перечень неликвидов АО "Неон" | L1: Утверждено: УД по предприятию
A4: №п/п | B4: Группа НА (ТМЦ/ОС/Отходы) | C4: Учетный номер | D4: Наименование | E4: Кол-во | F4: ЕИ | G4: Остаточная / учетная стоимость | I4: Дата поступления | J4: Фактическая цена реализации, руб. без НДС | L4: Группа номенклатуры | M4: Техническое состояние | N4: Статус по вовлечению и реализации | O4: Срок | P4: Стаус по наполнению Маркет РМ Рейл
C5: (Номенкл. / Инвен.) | G5: За единицу | H5: Сумма | K5: Отклонение, руб. без НДС
G6: (руб. без НДС) | H6: (руб. без НДС)
A7: 1 | B7: 2 | C7: 3 | D7: 4 | E7: 5 | F7: 6 | G7: 7 | H7: 8 | I7: 9 | L7: 10 | M7: 11 | N7: 12 | O7: 13 | P7: 14
A8: 1 | B8: ТМЦ | C8: 119695 | D8: Магнит ТИВБ 15.15.89 А5.0А | E8: 836 | F8: шт. | G8: 708.44976 | H8: 592264 | I8: 43927 | K8: =J8-G8 -> -708.44976 | L8: Комплктующие | M8: Новое, не бывшее в употреблении | P8: 07.08.2025г.
A9: =A8+1 -> 2 | B9: ТМЦ | C9: 119682 | D9: Магнит кольцо ТИВБ 60.25.9 А5.0А | E9: 21340 | F9: шт. | G9: 25.374836 | H9: 541499 | I9: 43936 | K9: =J9-G9 -> -25.374836 | L9: Комплктующие | M9: Новое, не бывшее в употреблении | P9: 07.08.2025г.
A10: =A9+1 -> 3 | B10: ТМЦ | C10: 119698 | D10: Магнит ТИВБ 25.31.94 А5.0А | E10: 251 | F10: шт. | G10: 1464.3147 | H10: 367543 | I10: 43465 | K10: =J10-G10 -> -1464.3147 | L10: Комплктующие | M10: Новое, не бывшее в употреблении | P10: 07.08.2025г.
A11: =A10+1 -> 4 | B11: ТМЦ | C11: 130695 | D11: Плата печатная PS-BOARD SR57 для Fronius | E11: 5 | F11: шт. | G11: 5 | H11: 138150 | I11: 43593 | K11: =J11-G11 -> -5 | L11: Запчасти | M11: Новое, не бывшее в употреблении | N11: вовлечено | O11: Июль
A12: =A11+1 -> 5 | B12: ТМЦ | C12: 119672 | D12: Магнит М16БА190-7 П84х64х10 ПЯО 707.135 | E12: 4326 | F12: шт. | G12: 25.659501 | H12: 111003 | I12: 43790 | K12: =J12-G12 -> -25.659501 | L12: Комплктующие | M12: Новое, не бывшее в употреблении | P12: 07.08.2025г.
A13: =A12+1 -> 6 | B13: ТМЦ | C13: 103900 | D13: Резак механизированный плазменно-дуговой Duramax 180°, 15,2м для Powermax 85 | E13: 1 | F13: шт. | G13: 102631 | H13: 102631 | I13: 44862 | K13: =J13-G13 -> -102631 | L13: Запчасти | M13: Новое, не бывшее в употреблении | N13: реализация | O13: 45900
A14: =A13+1 -> 7 | B14: ТМЦ | C14: 119696 | D14: Магнит ТИВБ 73.12 А5.0А | E14: 267 | F14: шт. | G14: 350.3633 | H14: 93547 | I14: 43465 | K14: =J14-G14 -> -350.3633 | L14: Комплктующие | M14: Новое, не бывшее в употреблении | P14: 07.08.2025г.
A15: =A14+1 -> 8 | B15: ТМЦ | C15: 125066 | D15: Плата печатная PC-BOARD ER 57 для Fronius | E15: 7 | F15: шт. | G15: 7 | H15: 90065.68 | I15: 43593 | K15: =J15-G15 -> -7 | L15: Запчасти | M15: Новое, не бывшее в употреблении | N15: вовлечено | O15: Июль
A16: =A15+1 -> 9 | B16: ТМЦ | C16: 192834 | D16: Ушко 9814.01.01.233 | E16: 504 | F16: шт. | G16: 157.00964 | H16: 79132.86 | I16: 45302 | K16: =J16-G16 -> -157.00964 | L16: Комплктующие | M16: Списание | N16: списание | O16: 45900
A17: =A16+1 -> 10 | B17: ТМЦ | C17: 33841 | D17: Уплотнение 1244.01.01.211 | E17: 202 | F17: шт. | G17: 217.26752 | H17: 43888.04 | I17: 45343 | K17: =J17-G17 -> -217.26752 | L17: Комплктующие | M17: Списание | N17: списание | O17: 45900
A18: =A17+1 -> 11 | B18: ТМЦ | C18: 284878 | D18: Ушко 9814.01.01.271 | E18: 403 | F18: шт. | G18: 95.00464 | H18: 38286.87 | I18: 45310 | K18: =J18-G18 -> -95.00464 | L18: Комплктующие | M18: Списание | N18: списание | O18: 45900
A19: =A18+1 -> 12 | B19: ТМЦ | C19: 1921 | D19: Флюс UF-02 ТУ 5929-052-00186654-2013 | E19: 250 | F19: кг. | G19: 145.096 | H19: 36274 | I19: 45252 | K19: =J19-G19 -> -145.096 | L19: Продукция электродной и твердосплавной промышленности | M19: Списание | N19: списание | O19: 45900
A20: =A19+1 -> 13 | B20: ТМЦ | C20: 152670 | D20: Болт 1259.09.00.001 | E20: 177 | F20: шт. | G20: 145.01147 | H20: 25667.03 | I20: 45447 | K20: =J20-G20 -> -145.01147 | L20: Комплктующие | M20: Новое, не бывшее в употреблении | N20: реализация | O20: 45900
A21: =A20+1 -> 14 | B21: ТМЦ | C21: 171881 | D21: Втулка 1259.09.02.002 | E21: 477 | F21: шт. | G21: 44.043753 | H21: 21008.87 | I21: 04..06.2024 | K21: =J21-G21 -> -44.043753 | L21: Комплктующие | M21: Новое, не бывшее в употреблении | N21: реализация | O21: 45900
A22: =A21+1 -> 15 | B22: ТМЦ | C22: 354830 | D22: Поперечина 9814.01.01.228 | E22: 253 | F22: шт. | G22: 82.529644 | H22: 20880 | I22: 45322 | K22: =J22-G22 -> -82.529644 | L22: Комплктующие | M22: Списание | N22: списание | O22: 45900
A23: =A22+1 -> 16 | B23: ТМЦ | C23: 171884 | D23: Уплотнение 1259.04.00.007П-01 | E23: 45 | F23: шт. | G23: 416.66244 | H23: 18749.81 | I23: 45407 | K23: =J23-G23 -> -416.66244 | L23: Комплктующие | M23: Новое, не бывшее в употреблении | P23: 07.08.2025г.
A24: =A23+1 -> 17 | B24: ТМЦ | C24: 253275 | D24: Клей-герметик Виладекс-451 ТУ 20.30.22-194-22736960-2017 | E24: 22.5 | F24: кг. | G24: 812.64578 | H24: 18284.53 | I24: 45287 | K24: =J24-G24 -> -812.64578 | L24: Материалы лакокрасочные,клей | M24: Списание | N24: списание | O24: 45900
A25: =A24+1 -> 18 | B25: ТМЦ | C25: 33841 | D25: Уплотнение 1244.01.01.211 | E25: 84 | F25: шт. | G25: 217.26929 | H25: 18250.62 | I25: 45343 | K25: =J25-G25 -> -217.26929 | L25: Комплктующие | M25: Новое, не бывшее в употреблении | P25: 07.08.2025г.
A26: =A25+1 -> 19 | B26: ТМЦ | C26: 115820 | D26: Втулка 1217У.01.01.006 | E26: 525 | F26: шт. | G26: 34.257962 | H26: 17985.43 | I26: 45309 | K26: =J26-G26 -> -34.257962 | L26: Комплктующие | M26: Новое, не бывшее в употреблении | P26: 07.08.2025г.
A27: =A26+1 -> 20 | B27: ТМЦ | C27: 171884 | D27: Уплотнение 1259.04.00.007П-01 | E27: 32 | F27: шт. | G27: 416.66781 | H27: 13333.37 | I27: 45407 | K27: =J27-G27 -> -416.66781 | L27: Комплктующие | M27: Списание | N27: списание | O27: 45900
A28: =A27+1 -> 21 | B28: ТМЦ | C28: 117074 | D28: Шнур ШВВП 2х0,5 ГОСТ 7399-97 черный | E28: 400 | F28: шт. | G28: 18.672852 | H28: 7469.1408 | I28: 44350 | K28: =J28-G28 -> -18.672852 | L28: Продукция электротехническая | M28: Новое, не бывшее в употреблении | P28: 07.08.2025г.
A29: =A28+1 -> 22 | B29: ТМЦ | C29: 122309 | D29: Болт 1217У.01.01.018 | E29: 466 | F29: шт. | G29: 14.535451 | H29: 6773.52 | I29: 45310 | K29: =J29-G29 -> -14.535451 | L29: Комплктующие | M29: Новое, не бывшее в употреблении | P29: 07.08.2025г.
A30: =A29+1 -> 23 | B30: ТМЦ | C30: 117689 | D30: Трубка термоусаживаемая Радиант 135нг ф6.0/2.0 (черная) SAE-AMS-DTL-23053/5 Class 1 | E30: 67.4 | F30: м. | G30: 84.584866 | H30: 5701.02 | I30: 44342 | K30: =J30-G30 -> -84.584866 | L30: Комплктующие | M30: Новое, не бывшее в употреблении | P30: 07.08.2025г.
A31: =A30+1 -> 24 | B31: ТМЦ | C31: 32940 | D31: Трубка 305 ТВ-40А. 6,0. белая. высшего сорта ГОСТ 19034-82 | E31: 1265.05 | F31: м. | G31: 2.2536501 | H31: 2850.98 | I31: 43495 | K31: =J31-G31 -> -2.2536501 | L31: Комплктующие | M31: Новое, не бывшее в употреблении | P31: 07.08.2025г.
A32: =A31+1 -> 25 | B32: ТМЦ | C32: 116363 | D32: Трубка 305 ТВ-40. 5,0. белая. высшего сорта ГОСТ 19034-82 | E32: 1073.75 | F32: м. | G32: 1.6065285 | H32: 1725.01 | I32: 43495 | K32: =J32-G32 -> -1.6065285 | L32: Комплктующие | M32: Новое, не бывшее в употреблении | P32: 07.08.2025г.
A33: =A32+1 -> 26 | B33: ТМЦ | C33: 181731 | D33: Шайба 1259.09.02.003 | E33: 285 | F33: шт. | G33: 5 | H33: 1425 | I33: 45447 | K33: =J33-G33 -> -5 | L33: Комплктующие | M33: Списание | N33: списание | O33: 45900
A34: =A33+1 -> 27 | B34: ТМЦ | C34: 116353 | D34: Трубка 305 ТВ-40. 3,0. белая. высшего сорта ГОСТ 19034-82 | E34: 1096.91 | F34: м. | G34: 0.7328769 | H34: 803.9 | I34: 43495 | K34: =J34-G34 -> -0.7328769 | L34: Комплктующие | M34: Новое, не бывшее в употреблении | P34: 07.08.2025г.
A35: =A34+1 -> 28 | B35: ТМЦ | C35: 181731 | D35: Шайба 1259.09.02.003 | E35: 173 | F35: шт. | G35: 5 | H35: =E35*G35 -> 865 | I35: 45447 | K35: =J35-G35 -> -5 | L35: Комплктующие | M35: Новое, не бывшее в употреблении | N35: реализация | O35: 45900
A36: =A35+1 -> 29 | B36: ТМЦ | C36: 189201 | D36: Шплинт 4х40.05 ГОСТ 397-79 | E36: 967 | F36: шт. | G36: 0.7279627 | H36: =E36*G36 -> 703.93993 | I36: 45307 | K36: =J36-G36 -> -0.7279627 | L36: Металлоизделия промышленного назначения (метизы и крепеж) | M36: Новое, не бывшее в употреблении | N36: реализация | O36: 45900
A37: =A36+1 -> 30 | B37: ТМЦ | C37: 4067 | D37: Шплинт 4х40 ГОСТ 397-79 | E37: 304 | F37: шт. | G37: 0.73684211 | H37: 224 | I37: 45409 | K37: =J37-G37 -> -0.73684211 | L37: Металлоизделия промышленного назначения (метизы и крепеж) | M37: Новое, не бывшее в употреблении | N37: вовлечено | O37: Июль
A38: =A37+1 -> 31 | B38: ТМЦ | C38: 171881 | D38: Втулка 1259.09.02.002 | E38: 3 | F38: шт. | G38: 44.043333 | H38: 132.13 | I38: 04..06.2024 | K38: =J38-G38 -> -44.043333 | L38: Комплктующие | M38: Списание | N38: списание | O38: 45900
A39: ИТОГО | H39: =SUM(H8:H38) -> 2417117.8
A40: * Действителен до возникновения потребности в актуализации
G41: Реализовано
G42: План реализации | H42: =H13+H20+H21+H35+H36 -> 150875.84
G43: Вовлечено | H43: =H11+H15+H37 -> 228439.68
G44: Вовлечение план
G45: Списание План | H45: =H38+H33++H27+H24+H19+H18+H17+H16 -> 230756.8
G46: Списано
G47: ИТОГО: | H47: =SUBTOTAL(9,H41:H46) -> 610072.32
H48: =H47/H39 -> 0.25239661

Sheet АВМ-общая
D2: Статус по наполнению Маркет РМ Рейл
A3: Учетный номер | B3: Наименование | C3: ЕИ
A6: 3 | B6: 4 | C6: 5 | D6: 75
A7: 387250 | B7: Шарнир с учетом полимерной втулки RS-HBS 01A | C7: шт | D7: https://market.rmrail.ru/admin/marketplace/publication/f3c43ea4-30fc-4f9a-ba27-dd0342942757/change/?_changelist_filters=company__id__exact%3D00ec37c9-522d-4933-801d-5d91d5d5ca1b%26q%3D%25D1%2588%25D0%25B0%25D1%2580%25D0%25BD%25D0%25B8%25D1%2580
A8: 177618 | B8: Устройство запорное SJ-13BF L-2376мм | C8: компл | D8: https://market.rmrail.ru/admin/marketplace/publication/058b542c-5c70-43ca-a615-d2470806fe8c/change/?_changelist_filters=company__id__exact%3D00ec37c9-522d-4933-801d-5d91d5d5ca1b%26q%3D%25D0%25B7%25D0%25B0%25D0%25BF%25D0%25BE%25D1%2580
A9: 366309 | B9: Профиль 120х60х4 L=12000 ГОСТ 30245-2003 345 09Г2С-14 ГОСТ 19281-2014 | C9: м | D9: https://market.rmrail.ru/admin/marketplace/publication/870a8067-0ba1-44d6-810b-01b0dd14d126/change/?_changelist_filters=company__id__exact%3D00ec37c9-522d-4933-801d-5d91d5d5ca1b%26q%3D%25D0%25BF%25D1%2580%25D0%25BE%25D1%2584%25D0%25B8%25D0%25BB%25D1%258C%2B120
A10: 137784 | B10: Комплект резиновых уплотнений контейнера типоразмера 1СС 16.20.40.00.000-02 | C10: шт | D10: https://market.rmrail.ru/admin/marketplace/publication/9a5e0f8e-6b25-4859-82a9-86d08cde25a3/change/?_changelist_filters=company__id__exact%3D00ec37c9-522d-4933-801d-5d91d5d5ca1b
A11: 262677 | B11: Профиль 160х160х6 L=12000 ГОСТ 30245-2003 345 09Г2С-15 ГОСТ 19281-2014 | C11: м | D11: https://market.rmrail.ru/admin/marketplace/publication/d1ca07d0-f9d9-4d3f-a50f-b1bac5636eb6/change/?_changelist_filters=company__id__exact%3D00ec37c9-522d-4933-801d-5d91d5d5ca1b
A12: 159920 | B12: Профиль 120х120х6 L=12000 ГОСТ 30245-2003 345 09Г2С-15 ГОСТ 19281-2014 | C12: м | D12: https://market.rmrail.ru/admin/marketplace/publication/a501e714-f5f6-4eed-abfa-46d10c017d85/change/?_changelist_filters=company__id__exact%3D00ec37c9-522d-4933-801d-5d91d5d5ca1b%26q%3D%25D0%25BF%25D1%2580%25D0%25BE%25D1%2584%25D0%25B8%25D0%25BB%25D1%258C%2B120
A13: 205754 | B13: Композиция антикоррозийная Ямал-25 RAL 3011 коричнево-красный ТУ 2313-004-56421682-2005 | C13: кг | D13: https://market.rmrail.ru/admin/marketplace/publication/fab926eb-e005-4b3c-99f7-bd499cf6d0d0/change/?_changelist_filters=company__id__exact%3D00ec37c9-522d-4933-801d-5d91d5d5ca1b%26q%3D%25D1%258F%25D0%25BC%25D0%25B0%25D0%25BB
A14: 354717 | B14: Лист Б-ПН-НО-4,5х1450х2312 ГОСТ 19903-2015 345-14-09Г2С-ГС ГОСТ 19281-2014 | C14: кг | D14: https://market.rmrail.ru/admin/marketplace/publication/19139653-218f-423c-b807-b03a5c9ad8ec/change/?_changelist_filters=company__id__exact%3D00ec37c9-522d-4933-801d-5d91d5d5ca1b%26q%3D%25D0%25BB%25D0%25B8%25D1%2581%25D1%2582
A15: 387247 | B15: Опора шарнира Hinge Lug | C15: шт | D15: https://market.rmrail.ru/admin/marketplace/publication/bd2e98d2-c0d2-4dce-a951-4bcefd483352/change/?_changelist_filters=company__id__exact%3D00ec37c9-522d-4933-801d-5d91d5d5ca1b%26q%3D%25D0%25BE%25D0%25BF%25D0%25BE%25D1%2580%25D0%25B0
A16: 365983 | B16: Стержень шарнира RS-HBS-05 (12х108 мм) 08Х13 ГОСТ 5949-2013 | C16: шт | D16: https://market.rmrail.ru/avito/publication/8ca1bbea-07a9-4600-ac6b-956625e79f47/?publication_id=b0fb6f7a-1c17-4de2-9abb-a7e9e7613763
A17: 315084 | B17: Профиль 100х100х4 L=12000 ГОСТ 30245-2003 345 09Г2С-15 ГОСТ 19281-2014 | C17: м | D17: https://market.rmrail.ru/admin/marketplace/publication/23589945-bfc4-46e6-9248-ef6d83493174/change/?_changelist_filters=company__id__exact%3D00ec37c9-522d-4933-801d-5d91d5d5ca1b%26q%3D%25D0%25BF%25D1%2580%25D0%25BE%25D1%2584%25D0%25B8%25D0%25BB%25D1%258C
A18: 125364 | B18: Костюм брезентовый со спилком | C18: шт. | D18: https://market.rmrail.ru/admin/marketplace/publication/531513da-afc8-4070-9315-70ab3378f538/change/?_changelist_filters=company__id__exact%3D00ec37c9-522d-4933-801d-5d91d5d5ca1b
... A58: 258730 | B58: Ножницы садовые | C58: шт. | D58: https://market.rmrail.ru/admin/marketplace/publication/8d1f9702-3b7e-4cac-a31c-f7a74e1365ed/change/?_changelist_filters=company__id__exact%3D00ec37c9-522d-4933-801d-5d91d5d5ca1b%26q%3D%25D0%25BD%25D0%25BE%25D0%25B6%25D0%25BD%25D0%25B8%25D1%2586%25D1%258B

Sheet Динамика
A2: Динамика движения неликвидных ТМЦ за период АВМ
A3: Предприятие холдинга | B3: 01.07.2025 | D3: Перешло в неликвиды за период (+)/Исключено из неликвидов (-) | F3: Реализация июль факт | H3: Списание июль факт | J3: Вовлечение июль факт | L3: 01.08.2025 | N3: Перешло в неликвиды за период (+)/ Исключено из неликвидов (-) | P3: Реализация август факт | R3: Списание август факт | T3: Вовлечение август факт | V3: 01.09.2025 | X3: Перешло в неликвиды за период (+)/Исключено из неликвидов (-) | Z3: Реализация сентябрь | AB3: Списание сентябрь | AD3: Вовлечение сентябрь | AF3: 01.10.2025 | AH3: Перешло в неликвиды за период (+)/Исключено из неликвидов (-) | AJ3: Реализация план октябрь | AL3: Списание план октябрь | AN3: Вовлечение план октябрь | AP3: 01.11.2025
B4: Кол-во | C4: сумма, руб. без НДС | D4: кол-во поз. | E4: сумма, руб. без НДС | F4: кол-во поз. | G4: сумма, руб. без НДС | H4: кол-во поз. | I4: сумма, руб. без НДС | J4: кол-во поз. | K4: сумма, руб. без НДС | L4: Кол-во | M4: сумма, руб. без НДС | N4: Кол-во | O4: сумма, руб. без НДС | P4: Кол-во | Q4: сумма, руб. без НДС | R4: Кол-во | S4: сумма, руб. без НДС | T4: Кол-во | U4: сумма, руб. без НДС | V4: Кол-во | W4: сумма, руб. без НДС | X4: кол-во поз. | Y4: сумма, руб. без НДС | Z4: кол-во поз. | AA4: сумма, руб. без НДС | AB4: кол-во поз. | AC4: сумма, руб. без НДС | AD4: кол-во поз. | AE4: сумма, руб. без НДС | AF4: Кол-во | AG4: сумма, руб. без НДС | AH4: кол-во поз. | AI4: сумма, руб. без НДС | AJ4: кол-во поз. | AK4: сумма, руб. без НДС | AL4: кол-во поз. | AM4: сумма, руб. без НДС | AN4: кол-во поз. | AO4: сумма, руб. без НДС | AP4: Кол-во | AQ4: сумма, руб. без НДС
A5: АО АВМ | B5: ='АВМ-общая'!#REF! -> #REF! | C5: ='АВМ-общая'!#REF! -> #REF! | D5: -71 | E5: =-'АВМ-общая'!#REF! -> #REF! | F5: 2 | G5: ='АВМ-общая'!#REF! -> #REF! | J5: =35 -> 35 | K5: ='АВМ-общая'!#REF! -> #REF! | L5: 128 | M5: ='АВМ-общая'!#REF! -> #REF! | N5: -1 | O5: -389587.77 | P5: 6 | Q5: 232744.71 | S5: 0 | T5: 39 | U5: ='АВМ-общая'!#REF! -> #REF! | V5: =121 -> 121 | W5: =M5+O5-Q5-S5-U5 -> #REF! | X5: -1 | Y5: =-'АВМ-общая'!#REF! -> #REF! | Z5: 1 | AA5: ='АВМ-общая'!#REF! -> #REF! | AC5: ='АВМ-общая'!#REF! -> #REF! | AD5: 49 | AE5: ='АВМ-общая'!#REF! -> #REF! | AF5: 111 | AG5: =W5-AA5-AC5-AE5+Y5 -> #REF! | AI5: =-'АВМ-общая'!#REF! -> #REF! | AJ5: 12 | AK5: ='АВМ-общая'!#REF! -> #REF! | AM5: ='АВМ-общая'!#REF! -> #REF! | AN5: 1 | AO5: ='АВМ-общая'!#REF! -> #REF! | AP5: 110 | AQ5: =AG5+AI5-AK5-AM5-AO5 -> #REF!
M7: =M5-C5 -> #REF! | W7: =W5-M5 -> #REF! | AG7: =AG5-W5 -> #REF! | AQ7: =AQ5-AG5 -> #REF!
M8: =M7/C5 -> #REF! | W8: =W7/M5 -> #REF! | AG8: =AG7/W5 -> #REF! | AQ8: =AQ7/AG5 -> #REF!

Sheet РЗХМ
L1: Утверждаю
L2: И.О. Управяющего директора
N4: Артюшина Т.С.
B6: Перечень неликвидов АО "Рузхиммаш" по состоянию на 01.06.2025г.*
A8: № п/п | B8: Группа НА (ТМЦ/ ОС/ Отходы) | C8: Учетный номер | D8: Наименование | E8: Кол-во | F8: ЕИ | G8: Остаточная / учетная стоимость | I8: Фактическая цена реализации, руб. без НДС | K8: Дата поступления | L8: Группа номенклатуры | M8: Покупатель | N8: Техническое состояние | O8: Статус по вовлечению и реализации | P8: Срок | Q8: Стаус по наполнению Маркет РМ Рейл
C9: (Номенкл. / Инвен.) | G9: За единицу | H9: Сумма | J9: Отклонение, руб. без НДС
G10: (руб. без НДС) | H10: (руб. без НДС)
A11: 1 | B11: 2 | C11: 3 | D11: 4 | E11: 5 | F11: 6 | G11: 7 | H11: 8 | K11: 9 | L11: 10 | N11: 11 | O11: 12 | P11: 13 | Q11: 14
A12: =1 -> 1 | B12: ТМЦ | C12: 284841 | D12: Лист А-ПВ-О-9х2000х8000 ГОСТ 19903-2015 345-14-09Г2С-ГС-УЗК1 ГОСТ 19281-2014 | E12: 229606.9 | F12: кг | G12: 57.23 | H12: 13140403 | J12: =I12-G12 -> -57.23 | K12: 45189 | L12: Металлопрокат | N12: новое | Q12: Выполнено
A13: =A12+1 -> 2 | B13: ТМЦ | C13: 325572 | D13: Рулон АТ-АШ-О-0,8х1250 ГОСТ 19904-90 345-III-09Г2С-ГС ГОСТ 17066-94 | E13: 48320 | F13: кг | G13: 69.91 | H13: 3378051.2 | J13: =I13-G13 -> -69.91 | K13: 45105 | L13: Металлопрокат | N13: новое | O13: План реализации | P13: 45900
A14: =A13+1 -> 3 | B14: ТМЦ | C14: 0000185455 | D14: Лист Б-ПН-О-28х2000х11000 ГОСТ 19903-2015 09Г2С-св-14-УЗК1-Н ГОСТ 5520-2017 | E14: 50097.333 | F14: кг | G14: 55.31 | H14: 2770883.5 | J14: =I14-G14 -> -55.31 | K14: 14.02.2023 25.02.2023 20.03.2023 | L14: Металлопрокат | N14: новое | O14: План реализации | P14: 45900
A15: =A14+1 -> 4 | B15: Отходы | C15: 0000355309 | D15: Лист O-N1-10х350х6000 ASTM A240/A480 316L ASTM A240/A480 (отход) | E15: 13378.797 | F15: кг | G15: 160 | H15: 2140607.5 | I15: 135 | J15: =I15-G15 -> -25 | K15: 29.02.2024 20.03.2024 | L15: Металлопрокат нерж. | N15: новое | O15: Реализация (факт) | P15: 45839 | Q15: Не требуется
A16: =A15+1 -> 5 | B16: ТМЦ | C16: 0000132660 | D16: Скользун нижний ВМ 003.100 | E16: 127 | F16: шт | G16: 16744.307 | H16: 2126527 | J16: =I16-G16 -> -16744.307 | K16: 45232 | L16: Покупные комплектующие | N16: новое
A17: =A16+1 -> 6 | B17: Отходы | C17: 314776 | D17: Лист N1-8х1500х2500 ASTM A240/A240M:2014 321 ASTM A480 Ed.2011 (отход) | E17: 17640 | F17: кг | G17: 116 | H17: 2046240 | I17: 116.67 | J17: =I17-G17 -> 0.67 | K17: 45131 | L17: Металлопрокат нерж. | N17: новое | O17: Реализация (факт) | P17: 45839 | Q17: Не требуется
A18: =A17+1 -> 7 | B18: ТМЦ | C18: 0000335083 | D18: Плита АД0 85х1500х750 ГОСТ 17232-2023 | E18: 3885 | F18: кг | G18: 508.57143 | H18: 1975800 | J18: =I18-G18 -> -508.57143 | K18: 45435 | L18: Цветной металлопрокат | N18: новое | Q18: Выполнено
A19: =A18+1 -> 8 | B19: ТМЦ | C19: 0000005713 | D19: Лист ДПРНМ 5,0х600х1500 Л63 ГОСТ 2208-2007 | E19: 2358.847 | F19: кг | G19: 796.36254 | H19: 1878497.4 | J19: =I19-G19 -> -796.36254 | K19: 15.08.2023 18.08.2023 21.08.2023 04.09.2023 | L19: Цветной металлопрокат | N19: новое
A20: =A19+1 -> 9 | B20: ТМЦ | C20: 0000035221 | D20: 9889.00.00.000-03 Тележка двухосная 3-х элементная | E20: 1 | F20: шт | G20: 1730294.6 | H20: 1730294.6 | J20: =I20-G20 -> -1730294.6 | K20: 42735 | L20: Полуфабрикаты | N20: новое | O20: Храним 10 лет. Опытные | Q20: Не требуется
A21: =A20+1 -> 10 | B21: ТМЦ | C21: 0000205204 | D21: 9891.02.00.000 Балка надрессорная | E21: 11 | F21: шт | G21: 154032.44 | H21: 1694356.8 | J21: =I21-G21 -> -154032.44 | K21: 45351 | L21: Покупные | N21: новое | O21: Списание (план) | P21: 45900 | Q21: Не требуется
A22: =A21+1 -> 11 | B22: ТМЦ | C22: 0000214414 | D22: Лист обшивы крайний 1268.01.05.101-01 | E22: 102 | F22: шт | G22: 15761.676 | H22: 1607691 | J22: =I22-G22 -> -15761.676 | K22: 25.01.2022 26.01.2022 10.03.2022 | L22: Покупные комплектующие | N22: новое
A23: =A22+1 -> 12 | B23: ТМЦ | C23: 0000067197 | D23: Пруток присадочный ф2,4 Sandvik 24.13 LSi EN ISO 14343-A 23 12 L Si | E23: 2020 | F23: кг | G23: 780 | H23: 1575600 | J23: =I23-G23 -> -780 | K23: 07.12.2017 25.01.2018 14.02.2018 28.06.2018 | L23: Материалы сварочные | N23: новое | Q23: Выполнено
A24: =A23+1 -> 13 | B24: ТМЦ | C24: 0000343633 | D24: Труба ДКРНП 60х4х3350 Л63 ГОСТ 494-2014 | E24: 479.8 | F24: кг | G24: 3075 | H24: 1475385 | J24: =I24-G24 -> -3075 | K24: 45336 | L24: Цветной металлопрокат | N24: новое
A25: =A24+1 -> 14 | B25: ТМЦ | C25: 0000338557 | D25: Лист А-ПН-НО-2,5х1400х2700 ГОСТ 19903-2015 345-IV-09Г2С-св ГОСТ 17066-94 | E25: 24120 | F25: кг | G25: 60.47 | H25: 1458536.4 | J25: =I25-G25 -> -60.47 | K25: 45188 | L25: Металлопрокат | N25: новое
A26: =A25+1 -> 15 | B26: ТМЦ | C26: 0000214413 | D26: Лист обшивы крайний 1268.01.05.101 | E26: 99 | F26: шт | G26: 14341.146 | H26: 1419773.5 | J26: =I26-G26 -> -14341.146 | K26: 25.01.2022 26.01.2022 10.03.2022 | L26: Покупные комплектующие | N26: новое
A27: =A26+1 -> 16 | B27: Отходы | C27: 0000366723 | D27: Труба 530х8х(11101-11400) ГОСТ 10704-91 В 09Г2С ГОСТ 10706-76 (отход) | E27: 158.55 | F27: м | G27: 7838.8176 | H27: 1242844.5 | J27: =I27-G27 -> -7838.8176 | K27: 45489 | L27: Металлопрокат | N27: новое | O27: План реализации | P27: 45900
A28: =A27+1 -> 17 | B28: ТМЦ | C28: 0000285356 | D28: Лист А-ПВ-О-9х2000х6000 ГОСТ 19903-2015 345-14-09Г2С-ГС-УЗК1 ГОСТ 19281-2014 | E28: 14421.023 | F28: кг | G28: 85.23 | H28: 1229103.8 | J28: =I28-G28 -> -85.23 | K28: 44408 | L28: Металлопрокат | N28: новое | Q28: Выполнено
A29: =A28+1 -> 18 | B29: ТМЦ | C29: 0000037742 | D29: 9890.00.00.000 Тележка двухосная 3-х элементная мод.18-9890 | E29: 1 | F29: шт | G29: 1206614.9 | H29: 1206614.9 | J29: =I29-G29 -> -1206614.9 | K29: 42735 | L29: Полуфабрикаты | N29: новое | O29: Списание (план) | P29: 45900 | Q29: Не требуется
A30: =A29+1 -> 19 | B30: ТМЦ | C30: 0000049147 | D30: Профиль 10 1287х5х935х18х3,0 L=6545 ТУ 14-101-789-2008 345 09Г2С ГС ГОСТ 19281-2014 | E30: 29736.023 | F30: кг | G30: 37.698527 | H30: 1121004.3 | J30: =I30-G30 -> -37.698527 | K30: до 2017 | L30: Металлопрокат | N30: новое
A31: =A30+1 -> 20 | B31: ТМЦ | C31: 0000320883 | D31: Лист А-ПУ-О-8х2000х6000 ГОСТ 19903-2015 295-15-09Г2Д-ГС-УЗК1-Н ГОСТ 19281-2014 | E31: 15477 | F31: кг | G31: 71.8 | H31: 1111248.6 | J31: =I31-G31 -> -71.8 | K31: 45104 | L31: Металлопрокат | N31: новое | O31: План реализации | P31: 45900
A32: =A31+1 -> 21 | B32: Отходы | C32: 0000343819 | D32: Лом и отходы вольфрама и вольфрамовых сплавов В4 ГОСТ Р 54564 - 2011 | E32: 803 | F32: кг | G32: 1288.017 | H32: 1034277.6 | J32: =I32-G32 -> -1288.017 | N32: новое
A33: =A32+1 -> 22 | B33: ТМЦ | C33: 0000320903 | D33: Лист А-ПУ-О-12х2000х6000 ГОСТ 19903-2015 295-15-09Г2Д-ГС-УЗК1-Н ГОСТ 19281-2014 | E33: 14333.637 | F33: кг | G33: 71.8 | H33: 1029155.1 | J33: =I33-G33 -> -71.8 | K33: 45096 | L33: Металлопрокат | N33: новое | O33: План реализации | P33: 45900
A34: =A33+1 -> 23 | B34: ТМЦ | C34: 0000035381 | D34: 9891.00.00.000-02 Тележка двухосная 3-х элементная | E34: 2 | F34: шт | G34: 511148.32 | H34: 1022296.6 | J34: =I34-G34 -> -511148.32 | K34: 42735 | L34: Полуфабрикаты | N34: новое | O34: Списание (план) | P34: 45900 | Q34: Не требуется
A35: =A34+1 -> 24 | B35: ТМЦ | C35: 0000268453 | D35: Рулон А-НО-4х1480 ГОСТ 19903-2015 345-14-09Г2С-ГС ГОСТ 19281-2014 | E35: 15040 | F35: кг | G35: 67.4 | H35: 1013696 | I35: 52 | J35: =I35-G35 -> -15.4 | K35: 44712 | L35: Металлопрокат | N35: новое | O35: Реализация (факт) | P35: 45839 | Q35: Не требуется
A36: =A35+1 -> 25 | B36: ТМЦ | C36: 0000284824 | D36: Лист А-ПВ-О-15х2000х8000 ГОСТ 19903-2015 345-14-09Г2С-ГС-УЗК1 ГОСТ 19281-2014 | E36: 16949.293 | F36: кг | G36: 58.5 | H36: 991533.64 | J36: =I36-G36 -> -58.5 | K36: 45469 | L36: Металлопрокат | N36: новое
A37: =A36+1 -> 26 | B37: ТМЦ | C37: 0000058097 | D37: Насос PV7-1X/40-71RE37MCO-08 | E37: 4 | F37: шт | G37: 239579.41 | H37: 958317.63 | J37: =I37-G37 -> -239579.41 | K37: 06.06.2018 05.09.2022 | L37: Запчасти | N37: новое
A38: =A37+1 -> 27 | B38: ТМЦ | C38: 0000419263 | D38: Лист Б-ПН-О-2,5х1250х3150 ГОСТ 19903-2015 345-IV-09Г2С-св ГОСТ 17066-94 | E38: 17850.535 | F38: кг | G38: 50.3 | H38: 897881.91 | J38: =I38-G38 -> -50.3 | K38: 11.04.2025 16.04.2025 | L38: Металлопрокат | N38: новое
A39: =A38+1 -> 28 | B39: ТМЦ | C39: 0000112366 | D39: Электрод, катод CATHODE G092Y 280A для плазменной резки KOIKE | E39: 1220 | F39: шт | G39: 703.98611 | H39: 858863.05 | J39: =I39-G39 -> -703.98611 | K39: 45114 | L39: Запчасти | N39: новое | Q39: Выполнено
A40: =A39+1 -> 29 | B40: ТМЦ | C40: 0000236008 | D40: Канат 33,5-Г-ВК-ОЖ-Н-Р-Т-1770 ГОСТ 2688-80 | E40: 840 | F40: м | G40: 1016.6667 | H40: 854000 | J40: =I40-G40 -> -1016.6667 | K40: 44518 | L40: Канат | N40: новое | O40: План реализации | P40: 45900
A41: =A40+1 -> 30 | B41: ТМЦ | C41: 0000320905 | D41: Лист А-ПУ-О-14х2000х6000 ГОСТ 19903-2015 295-15-09Г2Д-ГС-УЗК1-Н ГОСТ 19281-2014 | E41: 11565 | F41: кг | G41: 71.8 | H41: 830367 | J41: =I41-G41 -> -71.8 | K41: 45106 | L41: Металлопрокат | N41: новое | O41: План реализации | P41: 45900
A42: =A41+1 -> 31 | B42: ТМЦ | C42: 0000171578 | D42: Лист обшивы средний 1268.03.07.002 | E42: 231 | F42: шт | G42: 3557.3817 | H42: 821755.17 | J42: =I42-G42 -> -3557.3817 | K42: 25.01.2022 26.01.2022 10.03.2022 | L42: Покупные комплектующие | N42: новое
A43: =A42+1 -> 32 | B43: Отходы | C43: 0000274549 | D43: Труба 83х6х(11901-12600) ГОСТ 8732-78 В 09Г2С ГОСТ 8731-74 (отход) | E43: 595.54 | F43: м | G43: 1373.0455 | H43: 817703.53 | J43: =I43-G43 -> -1373.0455 | K43: 24.11.2024 07.03.2025 | L43: Металлопрокат | N43: новое | O43: План реализации | P43: 45900
A44: =A43+1 -> 33 | B44: ТМЦ | C44: 0000005692 | D44: Пруток Д16 КР80 НД ГОСТ 21488-97 | E44: 1001 | F44: кг | G44: 795.91242 | H44: 796708.33 | J44: =I44-G44 -> -795.91242 | K44: 16.02.2023 31.07.2023 11.10.2023 | L44: Цветной металлопрокат | N44: новое
A45: =A44+1 -> 34 | B45: ТМЦ | C45: 0000074817 | D45: Профиль корытный В 80х60х54х4х5350 ГОСТ 8283-93 345 09Г2С 14 ГОСТ 19281-2014 | E45: 9950 | F45: кг | G45: 77.618021 | H45: 772299.31 | J45: =I45-G45 -> -77.618021 | K45: 44426 | L45: Металлопрокат | N45: новое
A46: =A45+1 -> 35 | B46: Отходы | C46: 0000402108 | D46: Лист Б-О-ПН-12х1500х2490 ГОСТ 19903-2015 12Х18Н10Т-М2б ГОСТ 7350-77 (отход) | E46: 5295 | F46: кг | G46: 140 | H46: 741300 | I46: 74 | J46: =I46-G46 -> -66 | K46: 45595 | L46: Металлопрокат нерж. | N46: новое | O46: Реализация (факт) | P46: 45839 | Q46: Не требуется
A47: =A46+1 -> 36 | B47: ТМЦ | C47: 0000075677 | D47: Лист Б-ПВ-О-9х1500х6000 ГОСТ 19903-2015 345-15-09Г2С-ГС ГОСТ 19281-2014 | E47: 19452.834 | F47: кг | G47: 37.401588 | H47: 727566.88 | J47: =I47-G47 -> -37.401588 | K47: 09.06.2018 23.06.2018 | L47: Металлопрокат | N47: новое | Q47: Выполнено
A48: =A47+1 -> 37 | B48: ТМЦ | C48: 0000276843 | D48: Лист А-ПВ-О-11х2000х8000 ГОСТ 19903-2015 345-14-09Г2С-ГС-УЗК1 ГОСТ 19281-2014 | E48: 12466.633 | F48: кг | G48: 58.251891 | H48: 726204.95 | J48: =I48-G48 -> -58.251891 | K48: 45287 | L48: Металлопрокат | N48: новое | Q48: Выполнено
A49: =A48+1 -> 38 | B49: ТМЦ | C49: 0000350224 | D49: Проволока ф4,0 Св-04Х19Н11М3 ГОСТ 2246-70 | E49: 800 | F49: кг | G49: 896.20193 | H49: 716961.54 | J49: =I49-G49 -> -896.20193 | K49: 45287 | L49: Материалы сварочные | N49: новое
A50: =A49+1 -> 39 | B50: ТМЦ | C50: 0000233445 | D50: Электродвигатель EM4115T-58 50HP,1470RPM,3PH,50HZ,326T,1272M,TEFC,F1 | E50: 1 | F50: шт | G50: 701788.74 | H50: 701788.74 | J50: =I50-G50 -> -701788.74 | K50: 16.02.2023 03.03.2023 | L50: Запчасти | N50: новое | Q50: Выполнено
A51: =A50+1 -> 40 | B51: ТМЦ | C51: 0000314054 | D51: Лист Б-О-ПН-10х(1500х5900)х(1250х100) ГОСТ 19903-2015 08Х18Н10Т-М2б ГОСТ 7350-77 РМРС {РЗХМ 1,2,3,4,5,6,7} | E51: 2134 | F51: кг | G51: 314.25686 | H51: 670624.13 | I51: 74 | J51: =I51-G51 -> -240.25686 | K51: 28.04.2023 28.06.2023 06.09.2023 | L51: Металлопрокат нерж. | N51: новое | O51: Реализация (факт) | P51: 45809 | Q51: Не требуется
A52: =A51+1 -> 41 | B52: ТМЦ | C52: 0000164387 | D52: Заклепка С.20х40.00 ГОСТ 10299-80 | E52: 33925 | F52: шт | G52: 19.5 | H52: 661537.5 | J52: =I52-G52 -> -19.5 | K52: 29.12.2023 31.01.2024 | L52: Метизы | N52: новое
A53: =A52+1 -> 42 | B53: ТМЦ | C53: 0000171581 | D53: Лист обшивы верхний 1268.03.07.003 | E53: 270 | F53: шт | G53: 2409.2015 | H53: 650484.4 | J53: =I53-G53 -> -2409.2015 | K53: 11.02.2022 10.03.2022 | L53: Покупные комплектующие | N53: новое
A54: =A53+1 -> 43 | B54: ТМЦ | C54: 0000034090 | D54: Зенкер АМ19253-510.504 | E54: 188 | F54: шт | G54: 3389.7915 | H54: 637280.81 | J54: =I54-G54 -> -3389.7915 | K54: 22.01.2020 18.02.2020 19.05.2020 | L54: Инструмент | N54: новое
A55: =A54+1 -> 44 | B55: ТМЦ | C55: 0000025350 | D55: Сверло комбинированное КЖ4259 001.001 | E55: 113 | F55: шт | G55: 5398.43 | H55: 610022.59 | J55: =I55-G55 -> -5398.43 | K55: 02.08.2024 06.08.2024 12.11.2024 17.01.2025 | L55: Инструмент | N55: новое | Q55: Выполнено
A56: =A55+1 -> 45 | B56: ТМЦ | C56: 0000007473 | D56: 9814.03.00.009-02 Болт | E56: 3186 | F56: шт | G56: 190 | H56: 605340 | J56: =I56-G56 -> -190 | K56: 14.12.2023 21.12.2023 | L56: Метизы | N56: новое
A57: =A56+1 -> 46 | B57: ТМЦ | C57: 0000351575 | D57: Лист А-ПВ-О-13х2000х8000 ГОСТ 19903-2015 345-14-09Г2С-ГС-УЗК1 ГОСТ 19281-2014 | E57: 9724.287 | F57: кг | G57: 62.13 | H57: 604169.95 | J57: =I57-G57 -> -62.13 | K57: 45285 | L57: Металлопрокат | N57: новое | Q57: Выполнено
A58: =A57+1 -> 47 | B58: ТМЦ | C58: 0000164663 | D58: Рулон БТ-АШ-О-1,5х1000 ГОСТ 19904-90 345-09Г2С-III-ТО ГОСТ 17066-94 | E58: 7430 | F58: кг | G58: 80.74 | H58: 599898.2 | J58: =I58-G58 -> -80.74 | K58: 44557 | L58: Металлопрокат | N58: новое
A59: =A58+1 -> 48 | B59: ТМЦ | C59: 0000320892 | D59: Лист А-ПУ-О-10х2000х6000 ГОСТ 19903-2015 295-15-09Г2Д-ГС-УЗК1-Н ГОСТ 19281-2014 | E59: 8245.909 | F59: кг | G59: 71.8 | H59: =+H98+H99+H106+H108+H109 -> 34976.52 | J59: =I59-G59 -> -71.8 | K59: 45096 | L59: Металлопрокат | N59: новое | O59: Вовлечение (факт) | P59: 45839 | Q59: Не требуется
A60: =A59+1 -> 49 | B60: ТМЦ | C60: 0000010578 | D60: Головка ВНГТ 1 1/2" - 1 1/4" | E60: 6 | F60: шт | G60: 96466.5 | H60: 578799 | J60: =I60-G60 -> -96466.5 | K60: 05.12.2019 02.03.2020 | L60: Инструмент | N60: новое
A61: =A60+1 -> 50 | B61: Отходы | C61: 0000346744 | D61: Рулон АТ-АШ-О-0,8х1250 ГОСТ 19904-90 345-III-09Г2С-ГС ГОСТ 17066-94 (отход) | E61: 8172 | F61: кг | G61: 70.61 | H61: 577024.92 | J61: =I61-G61 -> -70.61 | K61: 45247 | L61: Металлопрокат | N61: новое | O61: План реализации | P61: 45900
A62: =A61+1 -> 51 | B62: Отходы | C62: 0000264116 | D62: Рулон БТ-АШ-О-2,5х1000х(1001-2000) ГОСТ 19904-90 345-III-09Г2С ГОСТ 17066-94 (отход) | E62: 5100 | F62: кг | G62: 110 | H62: 561000 | J62: =I62-G62 -> -110 | K62: 44669 | L62: Металлопрокат | N62: новое
A63: =A62+1 -> 52 | B63: ТМЦ | C63: 0000122798 | D63: Пружина наружная 194.30.024-0 | E63: 292 | F63: шт | G63: 1877.7212 | H63: 548294.58 | J63: =I63-G63 -> -1877.7212 | K63: 16.08.2023 30.08.2023 08.09.2023 18.09.2023 21.09.2023 | L63: Покупные комплектующие | N63: новое
A64: =A63+1 -> 53 | B64: ТМЦ | C64: 0000159317 | D64: Болт 3М12-6gх35.58 ГОСТ 7798-70 | E64: 17866 | F64: шт | G64: 30.52 | H64: 545270.32 | J64: =I64-G64 -> -30.52 | K64: 23.10.2019 05.11.2019 28.01.2020 | L64: Метизы | N64: новое
A65: =A64+1 -> 54 | B65: Отходы | C65: 0000298733 | D65: Лист А-ПВ-О-11х1990х7990 ГОСТ 19903-2015 345-14-09Г2С-ГС-УЗК1 ГОСТ 19281-2014 (отход) | E65: 27500 | F65: кг | G65: 19.36 | H65: 532400 | J65: =I65-G65 -> -19.36 | K65: 44952 | L65: Металлопрокат | N65: новое | Q65: Выполнено
A66: =A65+1 -> 55 | B66: ТМЦ | C66: 0000059572 | D66: Переход Э-159х8-108х6-09Г2С ГОСТ 17378-2001 | E66: 322 | F66: шт | G66: 1622.4276 | H66: 522421.69 | J66: =I66-G66 -> -1622.4276 | K66: 43244 | L66: Переходы, тройники, заглушки | N66: новое
A67: =A66+1 -> 56 | B67: ТМЦ | C67: 0000132755 | D67: Смазка железнодорожная КТСМ ТУ 0254-110-01124328-2004 | E67: 234 | F67: кг | G67: 2210 | H67: 517140 | J67: =I67-G67 -> -2210 | K67: 43811 | L67: Смазка | N67: новое | O67: Списание (план) | P67: 45900 | Q67: Не требуется
A68: =A67+1 -> 57 | B68: ТМЦ | C68: 0000025460 | D68: Болт 194.41.007-00 | E68: 580 | F68: шт | G68: 878.72417 | H68: 509660.02 | J68: =I68-G68 -> -878.72417 | K68: 45104 | L68: Покупные комплектующие | N68: новое
A69: =A68+1 -> 58 | B69: Отходы | C69: 0000410315 | D69: Лист О-N1-24 ASTM A240/A480 AISI 316L ASTM A240/A480 (отход) | E69: 2288.205 | F69: кг | G69: 220 | H69: 503405.1 | J69: =I69-G69 -> -220 | K69: 45703 | L69: Металлопрокат нерж. | N69: новое
A70: =A69+1 -> 59 | B70: ТМЦ | C70: 0000333665 | D70: Лист А-ПВ-О-17х1500х6000 ГОСТ 19903-2015 345-14-09Г2С-ГС-УЗК1 ГОСТ 19281-2014 | E70: 7242.501 | F70: кг | G70: 67.830001 | H70: 491258.85 | J70: =I70-G70 -> -67.830001 | K70: 45192 | L70: Металлопрокат | N70: новое | Q70: Выполнено
A71: =A70+1 -> 60 | B71: ТМЦ | C71: 0000320932 | D71: Лист А-ПУ-О-20х2000х6000 ГОСТ 19903-2015 295-15-09Г2Д-ГС-УЗК1-Н ГОСТ 19281-2014 | E71: 5586 | F71: кг | G71: 71.800004 | H71: 401074.82 | I71: 73.24 | J71: =I71-G71 -> 1.4399964 | K71: 31.05.2023 13.06.2023 | L71: Металлопрокат | N71: новое | O71: Реализовано. Остаток 3 726 кг. на 24.08.2025 | R71: =E71-3726 -> 1860 | S71: =I71*R71 -> 136226.4
A72: =A71+1 -> 61 | B72: ТМЦ | C72: 0000009033 | D72: Электрокартон 0,3мм ГОСТ 2824-86 | E72: 2030 | F72: кг | G72: 165.52752 | H72: 336020.87 | J72: =I72-G72 -> -165.52752 | K72: 44377 | L72: Бумага, картон | N72: новое | Q72: Выполнено
A73: =A72+1 -> 62 | B73: ТМЦ | C73: 0000161041 | D73: Канат 27,0-Г-ВК-Н-Р-Т-1770 ГОСТ 7668-80 | E73: 841 | F73: м | G73: 376.66971 | H73: 316779.23 | J73: =I73-G73 -> -376.66971 | K73: 45068 | L73: Канат+J38:JJ38:J74 | N73: новое | O73: План реализации | P73: 45900 | Q73: Выполнено
A74: =A73+1 -> 63 | B74: ТМЦ | C74: 0000139087 | D74: Синтофлекс 141 0,30мм-1000мм ТУ 3491-003-00214639 | E74: 993.7 | F74: кг | G74: 223 | H74: 221595.1 | J74: =I74-G74 -> -223 | K74: 44063 | L74: Бумага, картон | N74: новое
A75: =A74+1 -> 64 | B75: ТМЦ | C75: 0000186872 | D75: Канат 39,5-Г-ВК-Н-Т-Р-1770 ГОСТ 7668-80 | E75: 253 | F75: м | G75: 687.9 | H75: 174038.7 | J75: =I75-G75 -> -687.9 | K75: 44032 | L75: Канат | N75: новое | O75: План реализации | P75: 45900
A76: =A75+1 -> 65 | B76: ТМЦ | C76: 0000131306 | D76: Гравий керамзитовый 20-40мм М400 П50 ГОСТ 32496-2013 | E76: 45.75 | F76: т | G76: 3483.3336 | H76: 159362.51 | J76: =I76-G76 -> -3483.3336 | K76: 44278 | L76: Гравий, песок | N76: новое
A77: =A76+1 -> 66 | B77: ТМЦ | C77: 0000014403 | D77: Светильник РСП25-250-12(20) 250 Вт | E77: 17 | F77: шт | G77: 5720.5665 | H77: 97249.63 | J77: =I77-G77 -> -5720.5665 | K77: 43552 | L77: Светильник, лампа | N77: новое | Q77: Выполнено
A78: =A77+1 -> 67 | B78: ТМЦ | C78: 0000014797 | D78: Аппарат поглощающий АПЭ-120-И-500 | E78: 2 | F78: шт | G78: 36776.51 | H78: 73553.02 | J78: =I78-G78 -> -36776.51 | K78: 45274 | L78: Покупные комплектующие | N78: новое
A79: =A78+1 -> 68 | B79: ТМЦ | C79: 0000186856 | D79: Канат 33,0-Г-ВК-Н-Т-Р-1770 ГОСТ 7668-80 | E79: 150 | F79: м | G79: 475.5 | H79: 71325 | J79: =I79-G79 -> -475.5 | K79: 44032 | L79: Канат | N79: новое | O79: План реализации | P79: 45900
A80: =A79+1 -> 69 | B80: ТМЦ | C80: 0000120922 | D80: Серьга мертвой точки 194.40.037-0 | E80: 88 | F80: шт | G80: 758.16966 | H80: 66718.93 | J80: =I80-G80 -> -758.16966 | K80: 45104 | L80: Покупные комплектующие | N80: новое
A81: =A80+1 -> 70 | B81: ТМЦ | C81: 0000021197 | D81: Прожектор ГО-07 400-001 (без ПРА) | E81: 12 | F81: шт | G81: 4959.2 | H81: 59510.4 | J81: =I81-G81 -> -4959.2 | K81: 42894 | L81: Светильник, лампа | N81: новое | Q81: Выполнено
A82: =A81+1 -> 71 | B82: ТМЦ | C82: 0000216297 | D82: Табличка информационная НКЦ-СПГ43,5-09.00.004 | E82: 14 | F82: шт | G82: 4100 | H82: 57400 | J82: =I82-G82 -> -4100 | K82: 11.05.2023 12.05.2023 | L82: Табличка | N82: новое | O82: Списание (план) | P82: 45900 | Q82: Не требуется
A83: =A82+1 -> 72 | B83: ТМЦ | C83: 0000012618 | D83: Мембрана предохранительная МХ-1 Ду50 4,0...4,5 кгс/см² | E83: 10 | F83: шт | G83: 5316 | H83: 53160 | J83: =I83-G83 -> -5316 | K83: 42735 | L83: Мембрана | N83: новое
A84: =A83+1 -> 73 | B84: ТМЦ | C84: 0000025470 | D84: Планка контакная 194.30.016-0 | E84: 24 | F84: шт | G84: 2015.0879 | H84: 48362.11 | J84: =I84-G84 -> -2015.0879 | K84: 45107 | L84: Покупные комплектующие | N84: новое
A85: =A84+1 -> 74 | B85: ТМЦ | C85: 0000009137 | D85: Клапан предохранительный КПЛВ 494145.003-01 КПЛВ.494145.002ТУ | E85: 1 | F85: шт | G85: 44918.29 | H85: 44918.29 | J85: =I85-G85 -> -44918.29 | L85: Покупные комплектующие | N85: новое
A86: =A85+1 -> 75 | B86: ТМЦ | C86: 0000001610 | D86: Устройство мембранное предохранительное Х1.50.5747.00 | E86: 1 | F86: шт | G86: 41985 | H86: 41985 | J86: =I86-G86 -> -41985 | K86: 42735 | L86: Мембрана | N86: новое
A87: =A86+1 -> 76 | B87: ТМЦ | C87: 0000235868 | D87: Табличка НКЦ-СПГ 43,5-04.03.005 | E87: 12 | F87: шт | G87: 3350 | H87: 40200 | J87: =I87-G87 -> -3350 | K87: 45057 | L87: Табличка | N87: новое | O87: Списание (план) | P87: 45900 | Q87: Не требуется
A88: =A87+1 -> 77 | B88: ТМЦ | C88: 0000238162 | D88: Клей Armaflex НТ625 | E88: 28 | F88: л | G88: 1318.6679 | H88: 36922.7 | J88: =I88-G88 -> -1318.6679 | K88: 45260 | L88: Клей,герметик | N88: новое
A89: =A88+1 -> 78 | B89: ТМЦ | C89: 0000005396 | D89: Респиратор (для защиты от пыли) ГОСТ 12.4.191-99 | E89: 2110 | F89: шт | G89: 17.255848 | H89: 36409.84 | J89: =I89-G89 -> -17.255848 | K89: 42735 | L89: Средства индивидуальной защиты глаз и лица, органов дыхания | N89: новое | O89: Списание (план) | P89: 45900 | Q89: Не требуется
A90: =A89+1 -> 79 | B90: ТМЦ | C90: 0000266893 | D90: Смазка для штамповки испаряемая Holv Stamp LE67 | E90: 40 | F90: л | G90: 791.66675 | H90: 31666.67 | J90: =I90-G90 -> -791.66675 | K90: 45153 | L90: Смазка | N90: новое
A91: =A90+1 -> 80 | B91: ТМЦ | C91: 0000002798 | D91: Панель стеновая сэндвич 6000х1000х100 | E91: 34.68 | F91: м2 | G91: 753.2474 | H91: 26122.62 | J91: =I91-G91 -> -753.2474 | K91: 43423 | L91: Панели АКП, МДФ, ГКЛ, ПВХ, СМЛ, ППС | N91: новое
A92: =A91+1 -> 81 | B92: ТМЦ | C92: 0000000840 | D92: Смазка графитная УССА | E92: 208.25 | F92: кг | G92: 103.86012 | H92: 21628.87 | J92: =I92-G92 -> -103.86012 | K92: 44825 | L92: Смазка | N92: новое
A93: =A92+1 -> 82 | B93: ТМЦ | C93: 0000338025 | D93: Рукоятка для молотка L=360 | E93: 500 | F93: шт | G93: 41.5309 | H93: 20765.45 | J93: =I93-G93 -> -41.5309 | K93: 45593 | L93: Хозинвентарь | N93: новое
A94: =A93+1 -> 83 | B94: ТМЦ | C94: 0000010001 | D94: Табличка КЦГ 25.18-9411 380х240 | E94: 13 | F94: шт | G94: 1583.34 | H94: 20583.42 | J94: =I94-G94 -> -1583.34 | K94: 42735 | L94: Табличка | N94: новое | O94: Списание (план) | P94: 45900 | Q94: Не требуется
A95: =A94+1 -> 84 | B95: ТМЦ | C95: 0000235813 | D95: Табличка НКЦ-СПГ43,5-04.03.007 | E95: 12 | F95: шт | G95: 1600 | H95: 19200 | J95: =I95-G95 -> -1600 | K95: 45057 | L95: Табличка | N95: новое | O95: Списание (план) | P95: 45900 | Q95: Не требуется
A96: =A95+1 -> 85 | B96: ТМЦ | C96: 0000235820 | D96: Табличка НКЦ-СПГ43,5-04.03.006 | E96: 12 | F96: шт | G96: 1600 | H96: 19200 | J96: =I96-G96 -> -1600 | K96: 45057 | L96: Табличка | N96: новое | O96: Списание (план) | P96: 45900 | Q96: Не требуется
A97: =A96+1 -> 86 | B97: ТМЦ | C97: 0000009988 | D97: Табличка Схема-инструкция при наливе 360х250х0,8 АДОМ | E97: 48 | F97: шт | G97: 339.70646 | H97: 16305.91 | J97: =I97-G97 -> -339.70646 | K97: 42735 | L97: Табличка | N97: новое | O97: Списание (план) | P97: 45900 | Q97: Не требуется
A98: =A97+1 -> 87 | B98: ТМЦ | C98: 0000345750 | D98: Эмаль дорожная светоотражающая AcidColors Reflective Road желтая | E98: 21 | F98: кг | G98: 659.16667 | H98: 13842.5 | J98: =I98-G98 -> -659.16667 | K98: 45273 | L98: Эмаль | N98: новое | O98: Вовлечение (факт) | P98: Июль | Q98: Не требуется
A99: =A98+1 -> 88 | B99: ТМЦ | C99: 0000093211 | D99: Стекло триплекс 6х750х1000 (прозрачный) | E99: 3 | F99: шт | G99: 3536.8767 | H99: 10610.63 | J99: =I99-G99 -> -3536.8767 | K99: 44468 | L99: Стекло | N99: новое | O99: Вовлечение (факт) | P99: Июнь | Q99: Не требуется
A100: =A99+1 -> 89 | B100: ТМЦ | C100: 0000016860 | D100: Лампа светодиодная NLL-T8-24-230-4K-G13 | E100: 50 | F100: шт | G100: 208.3134 | H100: 10415.67 | J100: =I100-G100 -> -208.3134 | K100: 08.08.2024 13.09.2024 | L100: Светильник, лампа | N100: новое | Q100: Выполнено
A101: =A100+1 -> 90 | B101: ТМЦ | C101: 0000187403 | D101: Среда закалочная водополимерная ТЕРМАТ | E101: 50 | F101: кг | G101: 204.1666 | H101: 10208.33 | J101: =I101-G101 -> -204.1666 | K101: 44474 | L101: Смазка | N101: новое
A102: =A101+1 -> 91 | B102: ТМЦ | C102: 0000305201 | D102: Табличка фирменная НКЦ-СПГ43,5-09.00.005 | E102: 15 | F102: шт | G102: 650 | H102: 9750 | J102: =I102-G102 -> -650 | K102: 11.05.2023 12.05.2023 | L102: Табличка | N102: новое | O102: Списание (план) | P102: 45900 | Q102: Не требуется
A103: =A102+1 -> 92 | B103: ТМЦ | C103: 0000382645 | D103: Клей универсальный УР-600 ТУ 2252-021-13238275 | E103: 14 | F103: кг | G103: 614.16643 | H103: 8598.33 | J103: =I103-G103 -> -614.16643 | K103: 45537 | L103: Клей,герметик | N103: новое
...

Sheet ВКМ Сервис
B1: Перечень неликвидов ООО "ВКМ-Сервис" по состоянию на 24.07.2025 г.* | L1: Утверждено: УД по предприятию
A3: №п/п | B3: Группа НА (ТМЦ/ОС/Отходы) | C3: Учетный номер | D3: Наименование | E3: Кол-во | F3: ЕИ | G3: Остаточная / учетная стоимость | I3: Фактическая цена реализации, руб. без НДС | K3: Дата поступления | L3: Группа номенклатуры | M3: Техническое состояние | N3: Статус по вовлечению и реализации | O3: Срок | P3: Покупатель | Q3: Стаус по наполнению Маркет РМ Рейл
C4: (Номенкл. / Инвен.) | G4: За единицу | H4: Сумма | J4: Отклонение, руб. без НДС
G5: (руб. без НДС) | H5: (руб. без НДС)
A6: 1 | B6: 2 | C6: 3 | D6: 4 | E6: 5 | F6: 6 | G6: 7 | H6: 8 | K6: 9 | L6: 10 | M6: 11 | N6: 12 | O6: 13 | Q6: 14
A7: 1 | B7: ТМЦ | C7: 0000209714 | D7: Лист Б-ПН-О-4х1100х4450 ГОСТ 19903-2015 345-14-09Г2С-ГС ГОСТ 19281-2014 | E7: 3421.6 | F7: кг | G7: 63.290858 | H7: 216556 | I7: 220887.12 | J7: =I7-H7 -> 4331.12 | L7: Металлопрокат плоский листовой ГОСТ 19281 толщиной от 4мм. (низколегированный) | M7: Новое, не бывшее в употреблении | N7: реализация (план) | O7: 45900 | P7: АО "Рузхиммаш | Q7: не требует
A8: 28 | B8: ТМЦ | C8: 0000001699 | D8: Кран концевой 271 УХЛ1 ТУ 3184-088-05756760-2010 | E8: 62 | F8: шт | G8: 2951.8979 | H8: 183017.67 | I8: 64480 | J8: =I8-H8 -> -118537.67 | L8: Краны концевые | M8: Новое, не бывшее в употреблении | N8: реализация (факт) | O8: 45882 | P8: Абаканвагонмаш | Q8: не тебует
A9: 2 | B9: ТМЦ | C9: 0000198328 | D9: Балочка центрирующая 1835.00.110 сб | E9: 15 | F9: шт | G9: 9700 | H9: 145500 | L9: Литье мелкое | M9: Новое, не бывшее в употреблении | Q9: опубликовано
A10: 29 | B10: ТМЦ | C10: 0000005368 | D10: Костюм х/б синий ГОСТ 27575-87 | E10: 57 | F10: шт | G10: 1985.386 | H10: 113167 | L10: Специальная одежда общего назначения | M10: Новое, не бывшее в употреблении | Q10: нет в списке для публикации
A11: 3 | B11: ТМЦ | C11: 0000130844 | D11: Лист Б-ПН-О-12 ГОСТ 19903-2015 325-14-09Г2С-ГС ГОСТ 19281-2014 (отход) | E11: 2951.4 | F11: кг | G11: 37.309412 | H11: 110115 | L11: Лист низколегированный б12 (отходы) | M11: Новое, не бывшее в употреблении | Q11: опубликовано
A12: 4 | B12: ТМЦ | C12: 0000005692 | D12: Пруток Д16 КР80 НД ГОСТ 21488-97 | E12: 179 | F12: кг | G12: 604.53631 | H12: 108212 | L12: Пруток марки Д16 | M12: Новое, не бывшее в употреблении | Q12: опубликовано
A13: 5 | B13: ТМЦ | C13: 0000210171 | D13: Лист Б-ПН-О-16 ГОСТ 19903-2015 345-14-09Г2С-ГС ГОСТ 19281-2014 (отход) | E13: 2147.5 | F13: кг | G13: 49.720605 | H13: 106775 | I13: 108910.5 | J13: =I13-H13 -> 2135.5 | L13: Лист низколегированный прочий (отходы) | M13: Новое, не бывшее в употреблении | N13: реализация (план) | O13: 45900 | P13: АО "Рузхиммаш | Q13: не требует
A14: 6 | B14: ТМЦ | C14: 0000136637 | D14: Балочка центрирующая 1281М.06.01.000 СБ | E14: 7 | F14: шт | G14: 11426.286 | H14: 79984 | L14: Литье мелкое | M14: Новое, не бывшее в употреблении | Q14: опубликовано
A15: 27 | B15: ТМЦ | C15: 0000001481 | D15: Болт М14 М1761.202 | E15: 160 | F15: шт | G15: 455.08044 | H15: 72812.87 | I15: 74269.13 | J15: =I15-H15 -> 1456.26 | L15: Болт | M15: Новое, не бывшее в употреблении | N15: реализация (факт) | O15: 45882 | P15: Абаканвагонмаш | Q15: не требует
A16: 7 | B16: ТМЦ | C16: 0000185536 | D16: Хомут тяговый ГОСТ 32885-2014 1167.00.001 | E16: 5 | F16: шт | G16: 12241 | H16: 61205 | I16: 40000 | J16: =I16-H16 -> -21205 | M16: Новое, не бывшее в употреблении | N16: реализация (факт) | O16: 45882 | P16: Абаканвагонмаш | Q16: не требует
A17: 26 | B17: ТМЦ | C17: 0000001480 | D17: Болт М16 М1761.201 | E17: 120 | F17: шт | G17: 449.50967 | H17: 53941.16 | I17: 55020 | J17: =I17-H17 -> 1078.84 | L17: Болт | M17: Новое, не бывшее в употреблении | N17: реализация (факт) | O17: 45882 | P17: Абаканвагонмаш | Q17: не требует
A18: 21 | B18: ТМЦ | C18: 0000014862 | D18: Балка надрессорная 100.00.010-4, 14, 2004, 107198 | E18: 1 | F18: шт | G18: 44000 | H18: 44000 | I18: 31550 | J18: =I18-H18 -> -12450 | L18: Балка надрессорная (архив) | M18: б/у, годная | N18: реализация (факт) | O18: 45882 | P18: Абаканвагонмаш | Q18: не требует
A19: 22 | B19: ТМЦ | C19: 0000014863 | D19: Балка надрессорная 100.00.010-4, 14, 2004, 107274 | E19: 1 | F19: шт | G19: 44000 | H19: 44000 | I19: 31550 | J19: =I19-H19 -> -12450 | L19: Балка надрессорная (архив) | M19: б/у, годная | N19: реализация (факт) | O19: 45882 | P19: Абаканвагонмаш | Q19: не требует
A20: 23 | B20: ТМЦ | C20: 0000014864 | D20: Балка надрессорная 100.00.010-4, 14, 2005, 12693 | E20: 1 | F20: шт | G20: 44000 | H20: 44000 | I20: 38500 | J20: =I20-H20 -> -5500 | L20: Балка надрессорная (архив) | M20: б/у, годная | N20: реализация (факт) | O20: 45882 | P20: Абаканвагонмаш | Q20: не требует
A21: 24 | B21: ТМЦ | C21: 0000014865 | D21: Балка надрессорная 100.00.010-4, 14, 2005, 23094 | E21: 1 | F21: шт | G21: 44000 | H21: 44000 | I21: 38500 | J21: =I21-H21 -> -5500 | L21: Балка надрессорная (архив) | M21: б/у, годная | N21: реализация (факт) | O21: 45882 | P21: Абаканвагонмаш | Q21: не требует
A22: 25 | B22: ТМЦ | C22: 0000014866 | D22: Балка надрессорная 100.00.010-4, 14, 2005, 31152 | E22: 1 | F22: шт | G22: 44000 | H22: 44000 | I22: 38500 | J22: =I22-H22 -> -5500 | L22: Балка надрессорная (архив) | M22: б/у, годная | N22: реализация (факт) | O22: 45882 | P22: Абаканвагонмаш | Q22: не требует
A23: 31 | B23: ТМЦ | C23: 0000212842 | D23: Лист нижний 469-07.1459 | E23: 3 | F23: шт | G23: 13823 | H23: 41469 | L23: Комплектующие для ремонта подвижного состава | M23: не пригодный к эксплуатации | N23: списание (факт) | O23: 45900 | Q23: не требует
A24: 30 | B24: ТМЦ | C24: 0000076920 | D24: Грунт-эмаль ЯрЛИсоат 7140 ЖТ RAL 5014 голубино-синий | E24: 155 | F24: кг | G24: 246.52903 | H24: 38212 | L24: Грунт-эмаль | M24: не пригодный к эксплуатации | N24: списание (факт) | O24: 45900 | Q24: не требует
A25: 20 | B25: ТМЦ | C25: 0000014861 | D25: Балка надрессорная 100.00.010-4, 12, 2008, 21432 | E25: 1 | F25: шт | G25: 38000 | H25: 38000 | I25: 38500 | J25: =I25-H25 -> 500 | L25: Балка надрессорная (архив) | M25: б/у, годная | N25: реализация (факт) | O25: 45882 | P25: Абаканвагонмаш | Q25: не требует
A26: 8 | B26: ТМЦ | C26: 0000130843 | D26: Лист Б-ПН-НО-10 ГОСТ 19903-2015 345-14-09Г2С-ГС ГОСТ 19281-2014 (отход) | E26: 842.8 | F26: кг | G26: 36.916232 | H26: 31113 | I26: 31735.26 | J26: =I26-H26 -> 622.26 | L26: Лист низколегированный б10 (отходы) | M26: Новое, не бывшее в употреблении | N26: реализация (план) | O26: 45900 | P26: АО "Рузхиммаш | Q26: не требует
A27: 9 | B27: ТМЦ | C27: 0000014764 | D27: Авторежим грузовой 265А-4 ТУ 3184-509-05744521-98 | E27: 6 | F27: шт | G27: 4161.1667 | H27: 24967 | I27: 13200 | J27: =I27-H27 -> -11767 | L27: Авторегулятор | M27: Новое, не бывшее в употреблении | N27: реализация (факт) | O27: 45882 | P27: Абаканвагонмаш | Q27: не требует
A28: 10 | B28: ТМЦ | C28: 0000120645 | D28: Лист 1565ч.М 5х1500х3650 ТУ 1-2-663-2015 | E28: 83.7 | F28: кг | G28: 255.37634 | H28: 21375 | L28: Лист марки 1565Ч | M28: Новое, не бывшее в употреблении | Q28: опубликовано
A29: 11 | B29: ТМЦ | C29: 0000120594 | D29: Лист 1565ч.М 4х1500х4800 ТУ 1-2-663-2015 | E29: 73.1 | F29: кг | G29: 278.07114 | H29: 20327 | L29: Лист марки 1565Ч | M29: Новое, не бывшее в употреблении | Q29: опубликовано
A30: 12 | B30: ТМЦ | C30: 0000025332 | D30: Резервуар Р7-135 ГОСТ Р 52400-2005 | E30: 3 | F30: шт | G30: 5957.6667 | H30: 17873 | I30: 18230.46 | J30: =I30-H30 -> 357.46 | L30: Резервуары | M30: Новое, не бывшее в употреблении | N30: реализация (факт) | O30: 45882 | P30: Абаканвагонмаш | Q30: не требует
A31: 13 | B31: ТМЦ | C31: 0000017634 | D31: Резервуар Р7-78 ГОСТ Р 52400-2005 | E31: 3 | F31: шт | G31: 4910 | H31: 14730 | I31: 5700 | J31: =I31-H31 -> -9030 | L31: Резервуары | M31: Новое, не бывшее в употреблении | N31: реализация (факт) | O31: 45882 | P31: Абаканвагонмаш | Q31: не требует
A32: 14 | B32: ТМЦ | C32: 0000017768 | D32: Шестигранник В1-IV-46 ГОСТ 2879-2006 35-3ГП ГОСТ 1050-2013 | E32: 285.2 | F32: кг | G32: 43.972651 | H32: 12541 | L32: Шестигранник (углеродистый) | M32: Новое, не бывшее в употреблении | Q32: опубликовано
A33: 15 | B33: ТМЦ | C33: 0000314646 | D33: Труба 76х6х(7701-8400) 12Х18Н10Т ГОСТ 9941-2022 (отход) | E33: 4.7 | F33: м | G33: 2504.6809 | H33: 11772 | L33: Труба (отходы) | M33: Новое, не бывшее в употреблении | Q33: опубликовано
A34: 18 | B34: ТМЦ | C34: 0000001770 | D34: Кольцо уплотнительное ГГ731.03.01.02.005 | E34: 64 | F34: шт | G34: 146.51562 | H34: 9377 | L34: РТИ | M34: Новое, не бывшее в употреблении | Q34: опубликовано
A35: 16 | B35: ТМЦ | C35: 0000141971 | D35: Грунт-эмаль Эмакоут 7320 ЖД RAL 5005 сигнальный синий ТУ 2313-048-31953544-2006 | E35: 19.6 | F35: кг | G35: 371 | H35: 7271.6 | I35: 2181.48 | J35: =I35-H35 -> -5090.12 | L35: Грунт-эмаль | M35: Новое, не бывшее в употреблении | N35: реализация (план) | O35: 45900 | P35: Сотрудник предприятия | Q35: не требует
A36: 19 | B36: ТМЦ | C36: 0000190770 | D36: Прокладка 1219П.01.00.014 | E36: 80 | F36: шт | G36: 80.8625 | H36: 6469 | L36: Манжеты, сальники, прокладки | M36: Новое, не бывшее в употреблении | Q36: опубликовано
A37: 17 | B37: ТМЦ | C37: 0000088751 | D37: Грунтовка ГФ-021 ГОСТ 25129-82 | E37: 20 | F37: кг | G37: 183 | H37: 3660 | I37: 1098 | J37: =I37-H37 -> -2562 | L37: Грунт | M37: Новое, не бывшее в употреблении | N37: реализация (план) | O37: 45900 | P37: Сотрудник предприятия | Q37: не требует
A38: ИТОГО | H38: =SUM(H7:H37) -> 1770442.3 | I38: =SUM(I7:I37) -> 852811.95 | J38: =SUM(J7:J37) -> -199110.35
A39: * Действителен до возникновения потребности в актуализации
G40: По состоянию на 14.08.2025
G41: Реализовано | H41: =SUM(H8,H15,H16,H17,H18,H19,H20,H21,H22,H25,H27,H30,H31) -> 686546.7
G42: План реализации | H42: =H7+H13+H26+H35+H37 -> 365375.6
G43: Вовлечено | H43: =10*G10 -> 19853.86
G44: Вовлечение план
G45: Списание План
G46: Списано | H46: =H23+H24 -> 79681
G47: ИТОГО: | H47: =SUBTOTAL(9,H41:H46) -> 1151457.2
H48: =H47/H38 -> 0.65037825
G50: Остаток суммы неликвидов с учетом реализации/вовлечения/списания | H50: =H38-H41-H43-H46 -> 984360.74
G51: Отклонение от общей суммы неликивидов | H51: =H50-H38 -> -786081.56

Sheet ВКМ Сталь
A1: Утверждаю: Управляющий директор _____________ Чалов Н.А. «___» 2025г
A5: Перечень неликвидов ООО "ВКМ-Сталь" по состоянию на 01.07.25г. *
A6: №п/п | B6: Группа НА (ТМЦ/ОС/Отходы) | C6: Учетный номер | D6: Наименование | E6: Кол-во | F6: ЕИ | G6: Остаточная / учетная стоимость | I6: Фактическая цена реализации, руб. без НДС | K6: Дата поступления | L6: Группа номенклатуры | M6: Техническое состояние | N6: Статус по вовлечению и реализации | O6: Срок | P6: Стаус по наполнению Маркет РМ Рейл
C7: (Номенкл. / Инвен.) | G7: За единицу | H7: Сумма | J7: Отклонение, руб. без НДС
G8: (руб. без НДС) | H8: (руб. без НДС)
A9: 1 | B9: 2 | C9: 3 | D9: 4 | E9: 5 | F9: 6 | G9: 7 | H9: 8 | K9: 9 | L9: 10 | M9: 11 | N9: 12 | O9: 13 | P9: 14
A10: =1 -> 1 | B10: ТМЦ | C10: 0000165863 | D10: Трансформатор электропечной ЭТМПК 5200/10-М | E10: 1 | F10: шт | G10: 3514000 | H10: 3514000 | J10: =I10-G10 -> -3514000 | K10: Первое поступление -до 05.1965г, оприходование после ремонта 23.11.2023 | L10: Продукция электротехническая | M10: БУ,после ремонта и модернизации | N10: Реализация | O10: 46022 | P10: Внесено
A11: =A10+1 -> 2 | B11: ТМЦ | C11: 0000130733 | D11: Фреза 315Y20NK90SP10N16K | E11: 1 | F11: шт | G11: 188356.91 | H11: 188356.91 | J11: =I11-G11 -> -188356.91 | K11: 43823 | L11: Инструмент | M11: НОВОЕ | N11: Вовлечение | O11: Октябрь | P11: Внесено
A12: ИТОГО | E12: =SUM(E10:E11) -> 2 | H12: =SUM(H10:H11) -> 3702356.9
A13: * Действителен до возникновения потребности в актуализации
G17: Реализовано
G18: План реализации | H18: =H10 -> 3514000
G19: Вовлечено
G20: Вовлечение план | H20: =H11 -> 188356.91
G21: Списание План
G22: Списано
G23: ИТОГО: | H23: =SUBTOTAL(9,H17:H22) -> 3702356.9
H24: =H23/H12 -> 1

Sheet Машзавод
B1: Перечень неликвидов АО "Машзавод" по состоянию на 29.07.2025 г.* | L1: Утверждено: УД по предприятию
A3: №п/п | B3: Группа НА (ТМЦ/ОС/Отходы) | C3: Учетный номер | D3: Наименование | E3: Кол-во | F3: ЕИ | G3: Остаточная / учетная стоимость | I3: Фактическая цена реализации, руб. без НДС | K3: Дата поступления | L3: Группа номенклатуры | M3: Техническое состояние | N3: Статус по вовлечению и реализации | O3: Срок | P3: Стаус по наполнению Маркет РМ Рейл
C4: (Номенкл. / Инвен.) | G4: За единицу | H4: Сумма | J4: Отклонение, руб. без НДС
G5: (руб. без НДС) | H5: (руб. без НДС)
A6: 1 | B6: 2 | C6: 3 | D6: 4 | E6: 5 | F6: 6 | G6: 7 | H6: 8 | K6: 9 | L6: 10 | M6: 11 | N6: 12 | O6: 13 | P6: 14
A7: =1 -> 1 | B7: ТМЦ | D7: Труба КОРСИС ПРО500 SN16 с привар.раструбом (11,7м) (Отрезок 11,7 м) | E7: 82.1 | F7: м | G7: 7948.7214 | H7: 652590.03 | J7: =I7-G7 -> -7948.7214 | M7: рабочее | N7: Реализация | O7: 45992 | P7: тех ошибка. Фото получены
A8: =A7+1 -> 2 | B8: ТМЦ | C8: МЗ-00032367 | D8: Теплоизоляция Rockwool Лайт Баттс Скандик 1200*600*100 | E8: 285.12 | F8: м2 | G8: 1250 | H8: 356400 | J8: =I8-G8 -> -1250 | M8: рабочее | N8: Реализация | O8: 45992 | P8: тех ошибка. Фото получены
A9: =A8+1 -> 3 | B9: ТМЦ | C9: МЗ-00032381 | D9: Кабель АВБШв 4*185 (1) | E9: 250 | F9: м | G9: 1332.67 | H9: 333167.5 | J9: =I9-G9 -> -1332.67 | M9: рабочее | N9: Реализация | O9: 45992 | P9: тех ошибка. Фото получены
A10: =A9+1 -> 4 | B10: ТМЦ | D10: Труба КОРСИС ПРО 400 SN16 | E10: 58.5 | F10: м | G10: 5306.3074 | H10: 310418.98 | J10: =I10-G10 -> -5306.3074 | M10: рабочее | N10: Реализация | O10: 45992 | P10: тех ошибка. Фото получены
A11: =A10+1 -> 5 | B11: ТМЦ | C11: 00-00009868 | D11: Труба ПЭ100 SDR17- 500Х29,7 | E11: 24 | F11: м | G11: 11533.421 | H11: 276802.11 | J11: =I11-G11 -> -11533.421 | M11: рабочее | N11: Реализация | O11: 45992 | P11: тех ошибка. Фото получены
A12: =A11+1 -> 6 | B12: ТМЦ | C12: МЗ-00032386 | D12: Кабель АВБШв 4*240 (1) | E12: 170 | F12: м | G12: 1223.17 | H12: 207938.9 | J12: =I12-G12 -> -1223.17 | M12: рабочее | N12: Реализация | O12: 45992 | P12: тех ошибка. Фото получены
A13: =A12+1 -> 7 | B13: ТМЦ | C13: МЗ-00032368 | D13: Утеплитель Технониколь Техноруф Н Проф 1200х600х150мм | E13: 14.688 | F13: м3 | G13: 13376.67 | H13: 196476.53 | J13: =I13-G13 -> -13376.67 | M13: рабочее | N13: Реализация | O13: 45992 | P13: тех ошибка. Фото получены
A14: =A13+1 -> 8 | B14: ТМЦ | C14: МЗ-00032393 | D14: Кабель АВБШв 4*240 (8) | E14: 160 | F14: м | G14: 1223.17 | H14: 195707.2 | J14: =I14-G14 -> -1223.17 | M14: рабочее | N14: Реализация | O14: 45992 | P14: тех ошибка. Фото получены
A15: =A14+1 -> 9 | B15: ТМЦ | C15: 00-00009084 | D15: Кабель АВБШв 4x70 | E15: 320 | F15: м | G15: 525.15834 | H15: 168050.67 | J15: =I15-G15 -> -525.15834 | M15: рабочее | N15: Реализация | O15: 45992 | P15: тех ошибка. Фото получены
A16: =A15+1 -> 10 | B16: ТМЦ | C16: МЗ-00032397 | D16: Кабель АВБШв 4*150 (5) | E16: 150 | F16: м | G16: 906.31 | H16: 135946.5 | J16: =I16-G16 -> -906.31 | M16: рабочее | N16: Реализация | O16: 45992 | P16: тех ошибка. Фото получены
A17: =A16+1 -> 11 | B17: ТМЦ | C17: МЗ-00032394 | D17: Кабель АВБШв 4*150 (3) | E17: 120 | F17: м | G17: 906.31 | H17: 108757.2 | J17: =I17-G17 -> -906.31 | M17: рабочее | N17: Реализация | O17: 45992 | P17: тех ошибка. Фото получены
A18: =A17+1 -> 12 | B18: ТМЦ | C18: 00-00010435 | D18: Труба э/св 325х7 | E18: 1.327 | F18: т | G18: 79166.669 | H18: 105054.17 | J18: =I18-G18 -> -79166.669 | M18: рабочее | N18: Реализация | O18: 45992 | P18: тех ошибка. Фото получены
A19: =A18+1 -> 13 | B19: ТМЦ | C19: МЗ-00032391 | D19: Кабель АВБШв 4*240 (6) | E19: 85 | F19: м | G19: 1223.17 | H19: 103969.45 | J19: =I19-G19 -> -1223.17 | M19: рабочее | N19: Реализация | O19: 45992 | P19: тех ошибка. Фото получены
A20: =A19+1 -> 14 | B20: ТМЦ | C20: МЗ-00025385 | D20: Кольцо опорное КО6 | E20: 40 | F20: шт | G20: 2458.33 | H20: 98333.2 | J20: =I20-G20 -> -2458.33 | M20: рабочее | N20: Реализация | O20: 45992 | P20: тех ошибка. Фото получены
A21: =A20+1 -> 15 | B21: ТМЦ | C21: 00-00012996 | D21: Мастика резинобитумная 10л | E21: 79 | F21: шт | G21: 1240.2953 | H21: 97983.33 | J21: =I21-G21 -> -1240.2953 | M21: рабочее | N21: Реализация | O21: 45992 | P21: тех ошибка. Фото получены
A22: =A21+1 -> 16 | B22: ТМЦ | C22: МЗ-00032388 | D22: Кабель АВБШв 4*240 (3) | E22: 80 | F22: м | G22: 1223.17 | H22: 97853.6 | J22: =I22-G22 -> -1223.17 | M22: рабочее | N22: Реализация | O22: 45992 | P22: тех ошибка. Фото получены
... A24: =A23+1 -> 18 | B24: ТМЦ | C24: МЗ-00032395 | D24: Кабель АВБШв 4*10 | E24: 700 | F24: м | G24: 130.18 | H24: 91126 | J24: =I24-G24 -> -130.18 | M24: рабочее | N24: Реализация | O24: 45992 | P24: тех ошибка. Фото получены
A25: =A24+1 -> 19 | B25: ТМЦ | C25: МЗ-00025441 | D25: Затирка Ceresit CE 33 2кг | E25: 180 | F25: шт | G25: 500 | H25: 90000 | J25: =I25-G25 -> -500 | M25: под списание | N25: Списано 15.07
A26: =A25+1 -> 20 | B26: ТМЦ | C26: МЗ-00032377 | D26: Затирка Церезит Багамы СЕ33 2кг | E26: 180 | F26: шт | G26: 500 | H26: 90000 | J26: =I26-G26 -> -500 | M26: под списание | N26: Списано 15.07
A27: =A26+1 -> 21 | B27: ТМЦ | C27: МЗ-00032390 | D27: Кабель АВБШв 4*240 (5) | E27: 70 | F27: м | G27: 1223.17 | H27: 85621.9 | J27: =I27-G27 -> -1223.17 | M27: рабочее | N27: Реализация | O27: 45992 | P27: тех ошибка. Фото получены
A28: =A27+1 -> 22 | B28: ТМЦ | C28: МЗ-00032371 | D28: Кольцо стеновое КС 10.6 | E28: 20 | F28: шт | G28: 4000 | H28: 80000 | J28: =I28-G28 -> -4000 | M28: рабочее | N28: Реализация | O28: 45992 | P28: тех ошибка. Фото получены
A29: =A28+1 -> 23 | B29: ТМЦ | C29: МЗ-00032382 | D29: Кабель АВБШв 4*150 (1) | E29: 85 | F29: м | G29: 906.31 | H29: 77036.35 | J29: =I29-G29 -> -906.31 | M29: рабочее | N29: Реализация | O29: 45992 | P29: тех ошибка. Фото получены
A30: =A29+1 -> 24 | B30: ТМЦ | C30: 00-00009102 | D30: Колодец ККСо-4-80Г В20 | E30: 3 | F30: шт | G30: 25200 | H30: 75600 | J30: =I30-G30 -> -25200 | M30: рабочее | N30: Реализация | O30: 45992 | P30: тех ошибка. Фото получены
A31: =A30+1 -> 25 | B31: ТМЦ | D31: Труба КОРСИС ПРО 315 SN 16 | E31: 20 | F31: м | G31: 3567.906 | H31: 71358.12 | J31: =I31-G31 -> -3567.906 | M31: рабочее | N31: Реализация | O31: 45992 | P31: тех ошибка. Фото получены
A32: =A31+1 -> 26 | B32: ТМЦ | C32: МЗ-00032378 | D32: Гидроизоляция Акваскрин НА64 4.5 кг | E32: 50 | F32: шт | G32: 1416.67 | H32: 70833.5 | J32: =I32-G32 -> -1416.67 | M32: под списание | N32: Списано 15.07
A33: =A32+1 -> 27 | B33: ТМЦ | C33: МЗ-00032399 | D33: Кабель АВБШв 4*95 (3) | E33: 110 | F33: м | G33: 636.68 | H33: 70034.8 | J33: =I33-G33 -> -636.68 | M33: рабочее | N33: Реализация | O33: 45992 | P33: тех ошибка. Фото получены
A34: =A33+1 -> 28 | B34: ТМЦ | C34: МЗ-00032376 | D34: Затирка Церезит серая СЕ40 2кг | E34: 140 | F34: шт | G34: 500 | H34: 70000 | J34: =I34-G34 -> -500 | M34: под списание | N34: Списано 15.07
A35: =A34+1 -> 29 | B35: ТМЦ | C35: МЗ-00032385 | D35: Кабель АВБШв 4*150 (2) | E35: 75 | F35: м | G35: 906.31 | H35: 67973.25 | J35: =I35-G35 -> -906.31 | M35: рабочее | N35: Реализация | O35: 45992 | P35: тех ошибка. Фото получены
A36: =A35+1 -> 30 | B36: ТМЦ | C36: МЗ-00032392 | D36: Кабель АВБШв 4*240 (7) | E36: 50 | F36: м | G36: 1223.17 | H36: 61158.5 | J36: =I36-G36 -> -1223.17 | M36: рабочее | N36: Реализация | O36: 45992 | P36: тех ошибка. Фото получены
A37: =A36+1 -> 31 | B37: ТМЦ | C37: 00-00008126 | D37: Труба стальные э-св в тепловой изоляции из пенополиуретана ст20,Ст57х3,5-2ППУ-ПЭ-140 СДК | E37: 72 | F37: пог.м | G37: 829.5 | H37: 59724 | J37: =I37-G37 -> -829.5 | M37: рабочее | N37: Реализация | O37: 45992 | P37: тех ошибка. Фото получены
A38: =A37+1 -> 32 | B38: ТМЦ | C38: МЗ-00032373 | D38: Профиль стоечный ПС 75*50 | E38: 176 | F38: шт | G38: 317.5 | H38: 55880 | J38: =I38-G38 -> -317.5 | M38: рабочее | N38: Реализация | O38: 45992 | P38: тех ошибка. Фото получены
A39: =A38+1 -> 33 | B39: ТМЦ | C39: МЗ-00032400 | D39: Кабель АВБШв 4*185 (3) | E39: 40 | F39: м | G39: 1332.67 | H39: 53306.8 | J39: =I39-G39 -> -1332.67 | M39: рабочее | N39: Реализация | O39: 45992 | P39: тех ошибка. Фото получены
A40: =A39+1 -> 34 | B40: ТМЦ | C40: МЗ-00032372 | D40: Профиль направляющий ПН 75*40 | E40: 160 | F40: шт | G40: 330 | H40: 52800 | J40: =I40-G40 -> -330 | M40: рабочее | N40: Реализация | O40: 45992 | P40: тех ошибка. Фото получены
A41: =A40+1 -> 35 | B41: ТМЦ | C41: МЗ-00032383 | D41: Кабель АВБШв 4*95 (4) | E41: 80 | F41: м | G41: 636.68 | H41: 50934.4 | J41: =I41-G41 -> -636.68 | M41: рабочее | N41: Реализация | O41: 45992 | P41: тех ошибка. Фото получены
A42: =A41+1 -> 36 | B42: ТМЦ | C42: МЗ-00032722 | D42: Комплект для монтажа в стойку | E42: 12 | F42: шт | G42: 4156.3933 | H42: 49876.72 | J42: =I42-G42 -> -4156.3933 | M42: рабочее
A43: =A42+1 -> 37 | B43: ТМЦ | C43: МЗ-00034733 | D43: Анкерный болт Tech-Krep 2-х расп.HND16х200 с 6-ти гр.гайк | E43: 160 | F43: шт | G43: 308.65331 | H43: 49384.53 | J43: =I43-G43 -> -308.65331 | M43: под списание
A44: =A43+1 -> 38 | B44: ТМЦ | C44: МЗ-00036327 | D44: Решетка настенная однорядная 1 WA 400*300 | E44: 21 | F44: шт | G44: 2338.9676 | H44: 49118.32 | J44: =I44-G44 -> -2338.9676 | M44: рабочее
A45: =A44+1 -> 39 | B45: ТМЦ | C45: 0000183877 | D45: Панель коммутационая NIKOMAX 19 24 1000МГц | E45: 3 | F45: шт | G45: 16308.983 | H45: 48926.95 | J45: =I45-G45 -> -16308.983 | M45: рабочее
A46: =A45+1 -> 40 | B46: ТМЦ | C46: МЗ-00017073 | D46: Пеноплекс 1185х585х50Т-15 | E46: 6.3 | F46: м3 | G46: 7741.6667 | H46: 48772.5 | J46: =I46-G46 -> -7741.6667 | M46: рабочее
A47: =A46+1 -> 41 | B47: ТМЦ | C47: МЗ-00017258 | D47: Диффузор универсальный DVK-S 160 | E47: 19 | F47: шт | G47: 2553.5347 | H47: 48517.16 | J47: =I47-G47 -> -2553.5347 | M47: рабочее
A48: =A47+1 -> 42 | B48: ТМЦ | C48: МЗ-00032718 | D48: Источник бесперебойного питания Штиль ST300 | E48: 2 | F48: шт | G48: 24131.395 | H48: 48262.79 | J48: =I48-G48 -> -24131.395 | M48: рабочее
A49: =A48+1 -> 43 | B49: ТМЦ | C49: 00-00009216 | D49: Кольцо КС 10-6 | E49: 10 | F49: шт | G49: 4743.589 | H49: 47435.89 | J49: =I49-G49 -> -4743.589 | M49: рабочее | N49: Реализация | O49: 45992 | P49: тех ошибка. Фото получены
A50: =A49+1 -> 44 | B50: ТМЦ | C50: 00-00009216 | D50: Кольцо КС 10-6 | E50: 10 | F50: шт | G50: 4743.589 | H50: 47435.89 | J50: =I50-G50 -> -4743.589 | M50: рабочее
A51: =A50+1 -> 45 | B51: ТМЦ | C51: МЗ-00038678 | D51: Плащ-дождевик из ПВХ Jeta Safety | E51: 38 | F51: шт | G51: 1246.8337 | H51: 47379.68 | J51: =I51-G51 -> -1246.8337 | M51: рабочее
A52: =A51+1 -> 46 | B52: ТМЦ | C52: 00-00008127 | D52: Труба стальные э-св в тепловой изоляции из пенополиуретана ст20,Ст76х3,5-2-ППУ-ПЭ-160 СДК | E52: 36 | F52: пог.м | G52: 1310.75 | H52: 47187 | J52: =I52-G52 -> -1310.75 | M52: рабочее | N52: Реализация | O52: 45992 | P52: тех ошибка. Фото получены
A53: =A52+1 -> 47 | B53: ТМЦ | C53: МЗ-00035187 | D53: Программатор адресных устройств ПКУ-1-R.3 | E53: 8 | F53: шт | G53: 5888.8912 | H53: 47111.13 | J53: =I53-G53 -> -5888.8912 | M53: рабочее
A54: =A53+1 -> 48 | B54: ТМЦ | C54: 00-00013074 | D54: Муфта для прохода через ЖБИ КОРСИС DN/OD 0500 | E54: 18 | F54: шт | G54: 2611.3989 | H54: 47005.18 | J54: =I54-G54 -> -2611.3989 | M54: рабочее | N54: Реализация | O54: 45992 | P54: тех ошибка. Фото получены
A55: =A54+1 -> 49 | B55: ТМЦ | C55: 00-00005873 | D55: Лоток Л12-11 | E55: 2 | F55: шт | G55: 23250 | H55: 46500 | J55: =I55-G55 -> -23250 | M55: рабочее
A56: =A55+1 -> 50 | B56: ТМЦ | C56: 00-00011964 | D56: Коробка для накладного монтажа | E56: 6 | F56: шт | G56: 7535 | H56: 45210 | J56: =I56-G56 -> -7535 | M56: рабочее
A57: =A56+1 -> 51 | B57: ТМЦ | C57: МЗ-00032366 | D57: Утеплитель Технониколь Техноруф Н Проф 1200х600х80мм | E57: 3.456 | F57: м3 | G57: 13000 | H57: 44928 | J57: =I57-G57 -> -13000 | M57: рабочее | N57: Реализация | O57: 45992 | P57: тех ошибка. Фото получены
A58: =A57+1 -> 52 | B58: ТМЦ | C58: МЗ-00032366 | D58: Утеплитель Технониколь Техноруф Н Проф 1200х600х80мм | E58: 3.456 | F58: м3 | G58: 13000 | H58: 44928 | J58: =I58-G58 -> -13000 | M58: рабочее
A59: =A58+1 -> 53 | B59: ТМЦ | C59: МЗ-00032380 | D59: Кабель АВБШв 4*95 (2) | E59: 70 | F59: м | G59: 636.68 | H59: 44567.6 | J59: =I59-G59 -> -636.68 | M59: рабочее | N59: Реализация | O59: 45992 | P59: тех ошибка. Фото получены
A60: =A59+1 -> 54 | B60: ТМЦ | C60: МЗ-00021482 | D60: Клапан приточный КИВ-125-500 | E60: 39 | F60: шт | G60: 1137.5 | H60: 44362.5 | J60: =I60-G60 -> -1137.5 | M60: рабочее
A61: =A60+1 -> 55 | B61: ТМЦ | C61: МЗ-00032499 | D61: Лист гладкий (2500*1250), бесцветный, цинк, 0.7 мм | E61: 87.5 | F61: м2 | G61: 506.73006 | H61: 44338.88 | J61: =I61-G61 -> -506.73006 | M61: рабочее
A62: =A61+1 -> 56 | B62: ТМЦ | C62: МЗ-00032389 | D62: Кабель АВБШв 4*240 (4) | E62: 35 | F62: м | G62: 1223.17 | H62: 42810.95 | J62: =I62-G62 -> -1223.17 | M62: рабочее | N62: Реализация | O62: 45992 | P62: тех ошибка. Фото получены
A63: =A62+1 -> 57 | B63: ТМЦ | C63: МЗ-00016543 | D63: Извещатель пожарный ручной ИПР 513-11ИКЗ-А-R3 | E63: 42 | F63: шт | G63: 1007.3329 | H63: 42307.98 | J63: =I63-G63 -> -1007.3329 | M63: рабочее
A64: =A63+1 -> 58 | B64: ТМЦ | C64: МЗ-00019444 | D64: Шлем защитный "Страж-2" класс защиты Бр2 | E64: 6 | F64: шт | G64: 7000 | H64: 42000 | J64: =I64-G64 -> -7000 | M64: рабочее
A65: =A64+1 -> 59 | B65: ТМЦ | C65: МЗ-00036328 | D65: Клапан расхода D400*300 | E65: 21 | F65: шт | G65: 1948.4514 | H65: 40917.48 | J65: =I65-G65 -> -1948.4514 | M65: рабочее
A66: =A65+1 -> 60 | B66: ТМЦ | C66: МЗ-00029908 | D66: Плинт с нормально замкнутыми контактами 2/10 | E66: 196 | F66: шт | G66: 207.29495 | H66: 40629.81 | J66: =I66-G66 -> -207.29495 | M66: рабочее
A67: =A66+1 -> 61 | B67: ТМЦ | C67: 00-00010810 | D67: Жироуловитель "Пятый Элемент" серия - Стандарт ПЭ-1,0-70 | E67: 3 | F67: шт | G67: 13536.25 | H67: 40608.75 | J67: =I67-G67 -> -13536.25 | M67: рабочее | N67: Реализация | O67: 45992 | P67: тех ошибка. Фото получены
A68: =A67+1 -> 62 | B68: ТМЦ | C68: МЗ-00035907 | D68: Хомут мет. д. 32-38 1" ( шпилька М8х70 и дюбель) | E68: 1365 | F68: шт | G68: 29.404586 | H68: 40137.26 | J68: =I68-G68 -> -29.404586 | M68: рабочее
A69: =A68+1 -> 63 | B69: ТМЦ | C69: 00-00015459 | D69: Гидроизоляция Флэхендихт (кг) | E69: 90 | F69: кг | G69: 445.39156 | H69: 40085.24 | J69: =I69-G69 -> -445.39156 | M69: рабочее
A70: =A69+1 -> 64 | B70: ТМЦ | C70: 00-00045968 | D70: Гидроизоляция Флэхендихт (кг) | E70: 90 | F70: кг | G70: 445.39156 | H70: 40085.24 | J70: =I70-G70 -> -445.39156 | M70: под списание | N70: Списано 15.07
A71: =A70+1 -> 65 | B71: ТМЦ | C71: МЗ-00032398 | D71: Кабель АВБШв 4*185 (2) | E71: 30 | F71: м | G71: 1332.67 | H71: 39980.1 | J71: =I71-G71 -> -1332.67 | M71: рабочее | N71: Реализация | O71: 45992 | P71: тех ошибка. Фото получены
A72: =A71+1 -> 66 | B72: ТМЦ | C72: 00-00012246 | D72: Скоба вентиляционная 30х2 | E72: 479 | F72: шт | G72: 82.970919 | H72: 39743.07 | J72: =I72-G72 -> -82.970919 | M72: рабочее
A73: =A72+1 -> 67 | B73: ТМЦ | C73: 00-00007716 | D73: Уплотнитель | E73: 165 | F73: м2 | G73: 240.62497 | H73: 39703.12 | J73: =I73-G73 -> -240.62497 | M73: рабочее
A74: =A73+1 -> 68 | B74: ТМЦ | C74: МЗ-00030103 | D74: Патч-корд оптический 50/125 (ОМЗ) LC/UPC-LC/UPC | E74: 60 | F74: шт | G74: 660.36267 | H74: 39621.76 | J74: =I74-G74 -> -660.36267 | M74: рабочее
A75: =A74+1 -> 69 | B75: ТМЦ | C75: МЗ-00029555 | D75: Аккумулятор АКБ АБ 1217С Напряжение 12В, емкость 17 Ач, | E75: 6 | F75: шт | G75: 6583.4467 | H75: 39500.68 | J75: =I75-G75 -> -6583.4467 | M75: рабочее
A76: =A75+1 -> 70 | B76: ТМЦ | C76: МЗ-00031119 | D76: Ethernet-коммутатор MES 1428 | E76: 1 | F76: шт | G76: 39302.6 | H76: 39302.6 | J76: =I76-G76 -> -39302.6 | M76: рабочее
A77: =A76+1 -> 71 | B77: ТМЦ | C77: МЗ-00032374 | D77: Профиль направляющий ППН 27*28 | E77: 245 | F77: шт | G77: 158.33 | H77: 38790.85 | J77: =I77-G77 -> -158.33 | M77: рабочее | N77: Реализация | O77: 45992 | P77: тех ошибка. Фото получены
A78: =A77+1 -> 72 | B78: ТМЦ | C78: 00-00010451 | D78: Опция для активации функционала централизованной записи разговоров | E78: 1 | F78: шт | G78: 38662 | H78: 38662 | J78: =I78-G78 -> -38662 | M78: рабочее
A79: =A78+1 -> 73 | B79: ТМЦ | C79: 90000000541 | D79: Кабель-канал 40х25 | E79: 362 | F79: м | G79: 106.56624 | H79: 38576.98 | J79: =I79-G79 -> -106.56624 | M79: рабочее
A80: =A79+1 -> 74 | B80: ТМЦ | C80: МЗ-00032379 | D80: Кабель АВБШв 4*95 (1) | E80: 60 | F80: м | G80: 636.68 | H80: 38200.8 | J80: =I80-G80 -> -636.68 | M80: рабочее | N80: Реализация | O80: 45992 | P80: тех ошибка. Фото получены
A81: =A80+1 -> 75 | B81: ТМЦ | C81: 00-00005665 | D81: Завеса воздушно-тепловая КЭВ-П2121А | E81: 2 | F81: шт | G81: 18893.185 | H81: 37786.37 | J81: =I81-G81 -> -18893.185 | M81: рабочее
A82: =A81+1 -> 76 | B82: ТМЦ | C82: МЗ-00032369 | D82: Кольцо стеновое КС 15.9 | E82: 8 | F82: шт | G82: 4666.67 | H82: 37333.36 | J82: =I82-G82 -> -4666.67 | M82: рабочее | N82: Реализация | O82: 45992 | P82: тех ошибка. Фото получены
A83: =A82+1 -> 77 | B83: ТМЦ | C83: МЗ-00032369 | D83: Кольцо стеновое КС 15.9 | E83: 8 | F83: шт | G83: 4666.67 | H83: 37333.36 | J83: =I83-G83 -> -4666.67 | M83: рабочее
A84: =A83+1 -> 78 | B84: ТМЦ | C84: МЗ-00028173 | D84: Труба полиэтиленовая TERRA ПЭ 90х5,4 SDR17-ПЭ100 бухта 100 м | E84: 100 | F84: м | G84: 370.5 | H84: 37050 | J84: =I84-G84 -> -370.5 | M84: рабочее | N84: Реализация | O84: 45992 | P84: тех ошибка. Фото получены
A85: =A84+1 -> 79 | B85: ТМЦ | D85: Труба полиэтиленовая TERRA ПЭ 90х5,4 SDR17-ПЭ100 бухта 100 м | E85: 100 | F85: м | G85: 370.5 | H85: 37050 | J85: =I85-G85 -> -370.5 | M85: рабочее
A86: =A85+1 -> 80 | B86: ТМЦ | C86: МЗ-00031418 | D86: Труба ПЭ тип "С" 355х20,1 техническая (L012) | E86: 12 | F86: м | G86: 3066.6667 | H86: 36800 | J86: =I86-G86 -> -3066.6667 | M86: рабочее
A87: =A86+1 -> 81 | B87: ТМЦ | C87: МЗ-00033991 | D87: Дверь ДПВ Г Кз Оп Л Р 2100х600, маркировка Д9л | E87: 2 | F87: шт | G87: 18266.665 | H87: 36533.33 | J87: =I87-G87 -> -18266.665 | M87: рабочее
A88: =A87+1 -> 82 | B88: ТМЦ | C88: МЗ-00031042 | D88: Адаптер кабельный мод АИТ1-610-95 | E88: 2 | F88: компл | G88: 17858.58 | H88: 35717.16 | J88: =I88-G88 -> -17858.58 | M88: рабочее
A89: =A88+1 -> 83 | B89: ТМЦ | C89: МЗ-00030247 | D89: Отвод ППУ СИБПАЙП -Стандарт 90 426х50 | E89: 12 | F89: шт | G89: 2917.575 | H89: 35010.9 | J89: =I89-G89 -> -2917.575 | M89: рабочее | N89: Реализация | O89: 45992 | P89: тех ошибка. Фото получены
A90: =A89+1 -> 84 | B90: ТМЦ | C90: МЗ-00030247 | D90: Отвод ППУ СИБПАЙП -Стандарт 90 426х50 | E90: 12 | F90: шт | G90: 2917.575 | H90: 35010.9 | J90: =I90-G90 -> -2917.575 | M90: рабочее
A91: =A90+1 -> 85 | B91: ТМЦ | C91: 00-00010477 | D91: Пульт оповещения КДО-16 | E91: 1 | F91: шт | G91: 34679 | H91: 34679 | J91: =I91-G91 -> -34679 | M91: рабочее
A92: =A91+1 -> 86 | B92: ТМЦ | C92: 00-00011246 | D92: Труба 219х6,0 | E92: 0.379 | F92: т | G92: 90644.485 | H92: 34354.26 | J92: =I92-G92 -> -90644.485 | M92: рабочее | N92: Реализация | O92: 45992 | P92: тех ошибка. Фото получены
A93: =A92+1 -> 87 | B93: ТМЦ | C93: 00-00009456 | D93: Комплект соединительный 06-9-41 O_N | E93: 2 | F93: шт | G93: 17111.34 | H93: 34222.68 | J93: =I93-G93 -> -17111.34 | M93: рабочее
A94: =A93+1 -> 88 | B94: ТМЦ | C94: 00-00010811 | D94: Жироуловитель "Пятый Элемент" серия - Стандарт ПЭ-1,5-100 | E94: 2 | F94: шт | G94: 17106.25 | H94: 34212.5 | J94: =I94-G94 -> -17106.25 | M94: рабочее | N94: Реализация | O94: 45992 | P94: тех ошибка. Фото получены
A95: =A94+1 -> 89 | B95: ТМЦ | C95: 00-00008403 | D95: Труба э/с 114х4 Ст3 | E95: 42 | F95: м | G95: 798.33333 | H95: 33530 | J95: =I95-G95 -> -798.33333 | M95: рабочее | N95: Реализация | O95: 45992 | P95: тех ошибка. Фото получены
A96: =A95+1 -> 90 | B96: ТМЦ | C96: 0000182752 | D96: Хомут FR-ПР-40 | E96: 1300 | F96: шт | G96: 25.266908 | H96: 32846.98 | J96: =I96-G96 -> -25.266908 | M96: рабочее
A97: =A96+1 -> 91 | B97: ТМЦ | C97: 00-00014582 | D97: Труба ПВХ гибкая гофрированная 16мм с протяжкой строительная | E97: 2300 | F97: м | G97: 14.267787 | H97: 32815.91 | J97: =I97-G97 -> -14.267787 | M97: рабочее
A98: =A97+1 -> 92 | B98: ТМЦ | C98: МЗ-00022126 | D98: Костюм мужской "Молоток" для защиты от механических воздействий и ОПЗ,куртка+брюки | E98: 14 | F98: шт | G98: 2287.9079 | H98: 32030.71 | J98: =I98-G98 -> -2287.9079 | M98: рабочее
A99: =A98+1 -> 93 | B99: ТМЦ | C99: МЗ-00030536 | D99: Полотно нетканное геотекстильное геотекстиль Дорнит 300 (2х50м.) | E99: 600 | F99: м2 | G99: 52.916667 | H99: 31750 | J99: =I99-G99 -> -52.916667 | M99: рабочее
A100: =A99+1 -> 94 | B100: ТМЦ | C100: МЗ-00032396 | D100: Кабель АВБШв 4*150 (4) | E100: 35 | F100: м | G100: 906.31 | H100: 31720.85 | J100: =I100-G100 -> -906.31 | M100: рабочее | N100: Реализация | O100: 45992 | P100: тех ошибка. Фото получены
A101: =A100+1 -> 95 | B101: ТМЦ | C101: 00-00008754 | D101: Модуль SFP | E101: 11 | F101: шт | G101: 2804.5455 | H101: 30850 | J101: =I101-G101 -> -2804.5455 | M101: рабочее
A102: =A101+1 -> 96 | B102: ТМЦ | C102: МЗ-00021490 | D102: Модуль релейный РМ-1С-R3 | E102: 13 | F102: шт | G102: 2302.1377 | H102: 29927.79 | J102: =I102-G102 -> -2302.1377 | M102: рабочее
...

Sheet РВС
B1: ООО «РМ Рейл РВС» список МТР и оборудования | R1: Саратов | S1: Аппарат сварочный инверторный ARC 250 | T1: БУ | U1: 834214.29 | V1: =U1/#REF! -> #REF! | W1: Кемерово | X1: Вышка-тура ВСП-250 2,0х2,0м высота 8,7м | Y1: БУ | Z1: 266666.68 | AA1: =Z1/#REF! -> #REF!
A3: № п/п | B3: Номенклатура | C3: ед. изм. | D3: кол-во | E3: Учетная стоимость 1С | F3: Физический износ | G3: Моральный износ | H3: Дисконт 50% | I3: Не пригодны/ не рабочее состояние | J3: Учетная/остаточная стоимсть, руб. без НДС | K3: Сумма, руб. без НДС | L3: Фактическая цена реализации, руб. без НДС | M3: Отклонение, руб. без НДС | N3: прим. | O3: Статус по вовлечению и реализации | P3: Срок | Q3: Статус по внесению на портал Маркет РМ Рейл | S3: Бобышка 1-1-М20х1,5-100-20 ОСТ 26.260.460-99 | T3: БУ | U3: 21922.34 | V3: =U3/U4 -> 730.74467 | X3: Головка напорная ГМ-80 ГОСТ Р 53279-09 | Y3: БУ | Z3: 280 | AA3: =Z3/Z4 -> 280
A4: 1 | B4: Аппарат сварочный инверторный ARC 250 | C4: шт | D4: =9-6 -> 3 | E4: 27807.14 | G4: 0.07 | J4: =E4*(1-F4)*(1-G4)*(1-H4) -> 25860.64 | K4: =J4*D4 -> 77581.921 | M4: =L4-J4 -> -25860.64 | N4: новый | T4: Кол. | U4: 30 | Y4: Кол. | Z4: 1
A5: 2 | B5: Аппарат сварочный инверторный ARC 250 | C5: шт | D5: 21 | E5: 27807.14 | H5: 0.5 | J5: =E5*(1-F5)*(1-G5)*(1-H5) -> 13903.57 | K5: =J5*D5 -> 291974.97 | M5: =L5-J5 -> -13903.57 | N5: б.у. | S5: Болт с шестигранной головкой ГОСТ Р ИСО 4014-М12х50-5.6 А9А | T5: БУ | U5: 35690.4 | V5: =U5/U6 -> 20.511724 | X5: Головка переходная ГП-80-65 ГОСТ Р 53279-2009 | Y5: БУ | Z5: 820 | AA5: =Z5/Z6 -> 820
A6: 3 | B6: Бобышка 1-1-М20х1,5-100-20 ОСТ 26.260.460-99 | C6: шт | D6: 30 | E6: 730.74 | F6: 0.3 | G6: 0.07 | J6: =E6*(1-F6)*(1-G6)*(1-H6) -> 475.71174 | K6: =J6*D6 -> 14271.352 | M6: =L6-J6 -> -475.71174 | N6: б.у. | T6: Кол. | U6: 1740 | Y6: Кол. | Z6: 1
A7: 4 | B7: Болт с шестигранной головкой ГОСТ Р ИСО 4014-М12х50-5.6 А9А | C7: шт | D7: 1740 | E7: 20.51 | G7: 0.07 | J7: =E7*(1-F7)*(1-G7)*(1-H7) -> 19.0743 | K7: =J7*D7 -> 33189.282 | M7: =L7-J7 -> -19.0743 | N7: новый | S7: Болт с шестигранной головкой ГОСТ Р ИСО 4014-М8х30-6.6.35 | T7: БУ | U7: 26882.16 | V7: =U7/U8 -> 6.4465612 | X7: Головка рукавная ГР-100 ГОСТ Р 53279-09 | Y7: БУ | Z7: 780 | AA7: =Z7/Z8 -> 780
A8: 5 | B8: Болт с шестигранной головкой ГОСТ Р ИСО 4014-М8х30-6.6.35 | C8: шт | D8: 4170 | E8: 6.45 | G8: 0.07 | J8: =E8*(1-F8)*(1-G8)*(1-H8) -> 5.9985 | K8: =J8*D8 -> 25013.745 | M8: =L8-J8 -> -5.9985 | N8: новый | T8: Кол. | U8: 4170 | Y8: Кол. | Z8: 1
A9: 6 | B9: Бочонок Terma 1/2-латунь с хромовым покрытием 42102 | C9: шт | D9: 9 | E9: 70 | G9: 0.07 | J9: =E9*(1-F9)*(1-G9)*(1-H9) -> 65.1 | K9: =J9*D9 -> 585.9 | M9: =L9-J9 -> -65.1 | N9: новый | S9: Бочонок Terma 1/2-латунь с хромовым покрытием 42102 | T9: БУ | U9: 630 | V9: =U9/U10 -> 70 | X9: Домкрат реечный механический 3,5т 130-1070мм | Y9: БУ | Z9: 19885.72 | AA9: =Z9/Z10 -> 9942.86
A10: 7 | B10: Винт стяжной 17х1000 | C10: шт | D10: 50 | E10: 154 | F10: 0.3 | G10: 0.07 | J10: =E10*(1-F10)*(1-G10)*(1-H10) -> 100.254 | K10: =J10*D10 -> 5012.7 | M10: =L10-J10 -> -100.254 | N10: б.у. | T10: Кол. | U10: 9 | Y10: Кол. | Z10: 2
A11: 8 | B11: Газоанализатор многоканальный ALTAIR 4XR CH4-O2-CO-H2S | C11: шт | D11: 1 | E11: 25000 | I11: Не пригодны | J11: =E11 -> 25000 | K11: =J11*D11 -> 25000 | M11: =L11-J11 -> -25000 | N11: б.у. | O11: Списание | P11: 45900 | S11: Винт стяжной 17х1000 | T11: БУ | U11: 7700 | V11: =U11/U12 -> 154 | X11: Захват для вертикального подъема CDH 5т | Y11: БУ | Z11: 20000 | AA11: =Z11/Z12 -> 10000
A12: 9 | B12: Гайка А М27-6М.20.II.016 ГОСТ 9064-75 | C12: шт | D12: 24 | E12: 254.42667 | G12: 0.07 | J12: =E12*(1-F12)*(1-G12)*(1-H12) -> 236.6168 | K12: =J12*D12 -> 5678.8032 | M12: =L12-J12 -> -236.6168 | N12: новая | T12: Кол. | U12: 50 | Y12: Кол. | Z12: 2
A13: 10 | B13: Гайка А М30-6М.20.II.016 ГОСТ 9064-75 | C13: шт | D13: 254 | E13: 256.92669 | G13: 0.07 | J13: =E13*(1-F13)*(1-G13)*(1-H13) -> 238.94182 | K13: =J13*D13 -> 60691.223 | M13: =L13-J13 -> -238.94182 | N13: новая | S13: Газоанализатор многоканальный ALTAIR 4XR CH4-O2-CO-H2S | T13: БУ | U13: 25000 | V13: =U13/U14 -> 25000 | X13: Инвертор сварочный ВД-253 NEON | Y13: БУ | Z13: 50627.5 | AA13: =Z13/Z14 -> 25313.75
A14: 11 | B14: Гайка А М30-6М.30ХМА.II.016 ГОСТ 9064-75 | C14: шт | D14: 48 | E14: 315.84667 | G14: 0.07 | J14: =E14*(1-F14)*(1-G14)*(1-H14) -> 293.7374 | K14: =J14*D14 -> 14099.395 | M14: =L14-J14 -> -293.7374 | N14: новая | T14: Кол. | U14: 1 | Y14: Кол. | Z14: 2
A15: 12 | B15: Гайка АМ12-6Н.20.II.016 ГОСТ 9064-75 | C15: шт | D15: 152 | E15: 96.532961 | G15: 0.07 | J15: =E15*(1-F15)*(1-G15)*(1-H15) -> 89.775653 | K15: =J15*D15 -> 13645.899 | M15: =L15-J15 -> -89.775653 | N15: новая | S15: Гайка А М27-6М.20.II.016 ГОСТ 9064-75 | T15: БУ | U15: 6106.24 | V15: =U15/U16 -> 254.42667 | X15: Лебедка ручная рычажная г/п 1,6т в/п20м | Y15: БУ | Z15: 128916.7 | AA15: =Z15/Z16 -> 12891.67
A16: 13 | B16: Гайка АМ12-6Н.20Х13.II.016 ГОСТ 9064-75 | C16: шт | D16: 32 | E16: 124.36469 | G16: 0.07 | J16: =E16*(1-F16)*(1-G16)*(1-H16) -> 115.65916 | K16: =J16*D16 -> 3701.0931 | M16: =L16-J16 -> -115.65916 | N16: новая | T16: Кол. | U16: 24 | Y16: Кол. | Z16: 10
A17: 14 | B17: Гайка АМ16-6Н.20.II.016 ГОСТ 9064-75 | C17: шт | D17: 40 | E17: 43.8 | G17: 0.07 | J17: =E17*(1-F17)*(1-G17)*(1-H17) -> 40.734 | K17: =J17*D17 -> 1629.36 | M17: =L17-J17 -> -40.734 | N17: новая | S17: Гайка А М30-6М.20.II.016 ГОСТ 9064-75 | T17: БУ | U17: 65259.38 | V17: =U17/U18 -> 256.92669 | X17: Лебедка ручная рычажная г/п 5,4т в/п 20м | Y17: БУ | Z17: 104949.99 | AA17: =Z17/Z18 -> 34983.33
A18: 15 | B18: Гайка АМ24-6Н.20.II.016 ГОСТ 9064-75 | C18: шт | D18: 320 | E18: 166.44669 | G18: 0.07 | J18: =E18*(1-F18)*(1-G18)*(1-H18) -> 154.79542 | K18: =J18*D18 -> 49534.534 | M18: =L18-J18 -> -154.79542 | N18: новая | T18: Кол. | U18: 254 | Y18: Кол. | Z18: 3
A19: 16 | B19: Гайка АМ24-6Н.20Х13.II.016 ГОСТ 9064-75 | C19: шт | D19: 16 | E19: 314.18687 | G19: 0.07 | J19: =E19*(1-F19)*(1-G19)*(1-H19) -> 292.19379 | K19: =J19*D19 -> 4675.1007 | M19: =L19-J19 -> -292.19379 | N19: новая | S19: Гайка А М30-6М.30ХМА.II.016 ГОСТ 9064-75 | T19: БУ | U19: 15160.64 | V19: =U19/U20 -> 315.84667 | X19: Лестница алюминиевая трехсекционная 16 ступеней | Y19: БУ | Z19: 4498.34 | AA19: =Z19/Z20 -> 2249.17
A20: 17 | B20: Гайка АМ24-6Н.30ХМА.II.3.016 ГОСТ 9064-75 | C20: шт | D20: 8 | E20: 284.415 | G20: 0.07 | J20: =E20*(1-F20)*(1-G20)*(1-H20) -> 264.50595 | K20: =J20*D20 -> 2116.0476 | M20: =L20-J20 -> -264.50595 | N20: новая | T20: Кол. | U20: 48 | Y20: Кол. | Z20: 2
A21: 18 | B21: Гайка АМ24-6Н.35.II.3.016 ГОСТ 9064-75 | C21: шт | D21: 48 | E21: 274.51479 | G21: 0.07 | J21: =E21*(1-F21)*(1-G21)*(1-H21) -> 255.29876 | K21: =J21*D21 -> 12254.34 | M21: =L21-J21 -> -255.29876 | N21: новая | S21: Гайка АМ12-6Н.20.II.016 ГОСТ 9064-75 | T21: БУ | U21: 14673.01 | V21: =U21/U22 -> 96.532961 | X21: Маска сварщика Хамелеон с АСФ | Y21: БУ | Z21: 14150.49 | AA21: =Z21/Z22 -> 4716.83
A22: 19 | B22: Гайка АМ36-6Н.20.II.016 ГОСТ 9064-75 | C22: шт | D22: 64 | E22: 497.54672 | G22: 0.07 | J22: =E22*(1-F22)*(1-G22)*(1-H22) -> 462.71845 | K22: =J22*D22 -> 29613.981 | M22: =L22-J22 -> -462.71845 | N22: новая | T22: Кол. | U22: 152 | Y22: Кол. | Z22: 3
A23: 20 | B23: Гайка АМ36-6Н.30ХМА.II.016 ГОСТ 9064-75 | C23: шт | D23: 24 | E23: 583.11667 | G23: 0.07 | J23: =E23*(1-F23)*(1-G23)*(1-H23) -> 542.2985 | K23: =J23*D23 -> 13015.164 | M23: =L23-J23 -> -542.2985 | N23: новая | S23: Гайка АМ12-6Н.20Х13.II.016 ГОСТ 9064-75 | T23: БУ | U23: 3979.67 | V23: =U23/U24 -> 124.36469 | X23: Машина прямошлифовальная Makita GD0600 | Y23: БУ | Z23: 17406.83 | AA23: =Z23/Z24 -> 17406.83
A24: 21 | B24: Гайка литая двухрожковая Г2Р90Ц 90 мм | C24: шт | D24: 25 | E24: 122.4 | F24: 0.3 | G24: 0.07 | J24: =E24*(1-F24)*(1-G24)*(1-H24) -> 79.6824 | K24: =J24*D24 -> 1992.06 | M24: =L24-J24 -> -79.6824 | N24: б.у. | T24: Кол. | U24: 32 | Y24: Кол. | Z24: 1
A25: 22 | B25: Гайка литая двухрожковая Г2Р90Ч 90мм | C25: шт | D25: 75 | E25: 116.56667 | F25: 0.3 | G25: 0.07 | J25: =E25*(1-F25)*(1-G25)*(1-H25) -> 75.8849 | K25: =J25*D25 -> 5691.3675 | M25: =L25-J25 -> -75.8849 | N25: б.у. | S25: Гайка АМ16-6Н.20.II.016 ГОСТ 9064-75 | T25: БУ | U25: 1752 | V25: =U25/U26 -> 43.8 | X25: Машина прямошлифовальная Makita GD0800С | Y25: БУ | Z25: 23017.99 | AA25: =Z25/Z26 -> 23017.99
A26: 23 | B26: Гайка М12-6Н.8.20ГР ГОСТ 5927-70 | C26: шт | D26: 1080 | E26: 4.5375 | G26: 0.07 | J26: =E26*(1-F26)*(1-G26)*(1-H26) -> 4.219875 | K26: =J26*D26 -> 4557.465 | M26: =L26-J26 -> -4.219875 | N26: новая | T26: Кол. | U26: 40 | Y26: Кол. | Z26: 1
A27: 24 | B27: Гайка шестигранная нормальная ГОСТ ISO 4032-М12-5-А9А | C27: шт | D27: 2640 | E27: 6.042928 | G27: 0.07 | J27: =E27*(1-F27)*(1-G27)*(1-H27) -> 5.6199231 | K27: =J27*D27 -> 14836.597 | M27: =L27-J27 -> -5.6199231 | N27: новая | S27: Гайка АМ24-6Н.20.II.016 ГОСТ 9064-75 | T27: БУ | U27: 53262.94 | V27: =U27/U28 -> 166.44669 | X27: Машина шлифовальная угловая Makita 9565CVR | Y27: БУ | Z27: 53574.5 | AA27: =Z27/Z28 -> 10714.9
A28: 25 | B28: Гайка шестигранная нормальная ГОСТ ISO 4032-М8-5 | C28: шт | D28: 4230 | E28: 2.674305 | G28: 0.07 | J28: =E28*(1-F28)*(1-G28)*(1-H28) -> 2.4871036 | K28: =J28*D28 -> 10520.448 | M28: =L28-J28 -> -2.4871036 | N28: новая | T28: Кол. | U28: 320 | Y28: Кол. | Z28: 5
A29: 26 | B29: Домкрат реечный 10 т 250х270х775 мм | C29: шт | D29: 1 | E29: 10000 | F29: 0.3 | G29: 0.07 | J29: =E29*(1-F29)*(1-G29)*(1-H29) -> 6510 | K29: =J29*D29 -> 6510 | M29: =L29-J29 -> -6510 | N29: б.у. | S29: Гайка АМ24-6Н.20Х13.II.016 ГОСТ 9064-75 | T29: БУ | U29: 5026.99 | V29: =U29/U30 -> 314.18687 | X29: Машина шлифовальная угловая Makita GA6021C | Y29: БУ | Z29: 14969.57 | AA29: =Z29/Z30 -> 7484.785
A30: 27 | B30: Дрель ударная Makita HP 1640 | C30: шт | D30: 1 | E30: 3000 | I30: Не пригодны | J30: =E30 -> 3000 | K30: =J30*D30 -> 3000 | M30: =L30-J30 -> -3000 | N30: б.у. | O30: Списание | P30: 45900 | T30: Кол. | U30: 16 | Y30: Кол. | Z30: 2
A31: 28 | B31: Дрель-шуруповерт Makita DDF453SYE | C31: шт | D31: 1 | E31: 4000 | I31: Не пригодны | J31: =E31 -> 4000 | K31: =J31*D31 -> 4000 | M31: =L31-J31 -> -4000 | N31: б.у. | O31: Списание | P31: 45900 | S31: Гайка АМ24-6Н.30ХМА.II.3.016 ГОСТ 9064-75 | T31: БУ | U31: 2275.32 | V31: =U31/U32 -> 284.415 | X31: Машина шлифовальная угловая Makita GA9020 | Y31: БУ | Z31: 82701.63 | AA31: =Z31/Z32 -> 7518.33
A32: 29 | B32: Заглушка 4-15-16 12Х18Н10Т АТК 24.200.02-90 | C32: шт | D32: 2 | E32: 7122.885 | G32: 0.07 | J32: =E32*(1-F32)*(1-G32)*(1-H32) -> 6624.2831 | K32: =J32*D32 -> 13248.566 | M32: =L32-J32 -> -6624.2831 | N32: новая | T32: Кол. | U32: 8 | Y32: Кол. | Z32: 11
A33: 30 | B33: Заглушка 4-25-16 12Х18Н10Т АТК 24-200.02-90 | C33: шт | D33: 1 | E33: 9133.77 | G33: 0.07 | J33: =E33*(1-F33)*(1-G33)*(1-H33) -> 8494.4061 | K33: =J33*D33 -> 8494.4061 | M33: =L33-J33 -> -8494.4061 | N33: новая | S33: Гайка АМ24-6Н.35.II.3.016 ГОСТ 9064-75 | T33: БУ | U33: 13176.71 | V33: =U33/U34 -> 274.51479 | X33: Механизм монтажно-тяговый LMT-3220W | Y33: БУ | Z33: 122214.99 | AA33: =Z33/Z34 -> 40738.33
A34: 31 | B34: Заглушка П 159х8-20 ГОСТ 17379-2001 | C34: шт | D34: 1 | E34: 1457.7 | G34: 0.07 | J34: =E34*(1-F34)*(1-G34)*(1-H34) -> 1355.661 | K34: =J34*D34 -> 1355.661 | M34: =L34-J34 -> -1355.661 | N34: новая | T34: Кол. | U34: 48 | Y34: Кол. | Z34: 3
A35: 32 | B35: Задвижка клиновая 31нж45нж J-DN15-PN1,6 | C35: шт | D35: 1 | E35: 20754.79 | G35: 0.07 | J35: =E35*(1-F35)*(1-G35)*(1-H35) -> 19301.955 | K35: =J35*D35 -> 19301.955 | M35: =L35-J35 -> -19301.955 | N35: новая | S35: Гайка АМ36-6Н.20.II.016 ГОСТ 9064-75 | T35: БУ | U35: 31842.99 | V35: =U35/U36 -> 497.54672 | X35: Набор ключей комбинированных 6-32мм (25 предметов) | Y35: БУ | Z35: 2448.21 | AA35: =Z35/Z36 -> 2448.21
A36: 33 | B36: Клапан 15нж68нж J-15-1.6 | C36: шт | D36: 1 | E36: 16444.93 | G36: 0.07 | J36: =E36*(1-F36)*(1-G36)*(1-H36) -> 15293.785 | K36: =J36*D36 -> 15293.785 | M36: =L36-J36 -> -15293.785 | N36: новая | T36: Кол. | U36: 64 | Y36: Кол. | Z36: 1
A37: 34 | B37: Клапан 15с68нж-25-4 | C37: шт | D37: 1 | E37: 7612.56 | G37: 0.07 | J37: =E37*(1-F37)*(1-G37)*(1-H37) -> 7079.6808 | K37: =J37*D37 -> 7079.6808 | M37: =L37-J37 -> -7079.6808 | N37: новая | S37: Гайка АМ36-6Н.30ХМА.II.016 ГОСТ 9064-75 | T37: БУ | U37: 13994.8 | V37: =U37/U38 -> 583.11667 | X37: Насос КМ 100-65-200 с эл/двигателем 30,0кВт | Y37: БУ | Z37: 103090.49 | AA37: =Z37/Z38 -> 103090.49
A38: 35 | B38: Кран трехходовой RM 1/2IG х 1/2AG (G1/2внутр. — G1/2наруж.) 1,6МПа латунь ГОСТ 21345-2005 | C38: шт | D38: 18 | E38: 480.83333 | G38: 0.07 | J38: =E38*(1-F38)*(1-G38)*(1-H38) -> 447.175 | K38: =J38*D38 -> 8049.15 | M38: =L38-J38 -> -447.175 | N38: новая | T38: Кол. | U38: 24 | Y38: Кол. | Z38: 1
A39: 36 | B39: Кран шаровой 1/2 | C39: шт | D39: 9 | E39: 450.83333 | G39: 0.07 | J39: =E39*(1-F39)*(1-G39)*(1-H39) -> 419.275 | K39: =J39*D39 -> 3773.475 | M39: =L39-J39 -> -419.275 | N39: новая | S39: Гайка литая двухрожковая Г2Р90Ц 90 мм | T39: БУ | U39: 3060 | V39: =U39/U40 -> 122.4 | X39: Пила циркулярная аккумуляторная SCM 22-A | Y39: БУ | Z39: 5630 | AA39: =Z39/Z40 -> 5630
A40: 37 | B40: Кувалда 1212-0001 ГОСТ 11401-75 (2 кг) | C40: шт | D40: 1 | E40: 683.7 | H40: 0.5 | J40: =E40*(1-F40)*(1-G40)*(1-H40) -> 341.85 | K40: =J40*D40 -> 341.85 | M40: =L40-J40 -> -341.85 | N40: б.у. | T40: Кол. | U40: 25 | Y40: Кол. | Z40: 1
A41: 38 | B41: Лестница алюминиевая трехсекционная 16 ступеней | C41: шт | D41: 1 | E41: 1999.4467 | I41: Не пригодны | J41: =E41 -> 1999.4467 | K41: =J41*D41 -> 1999.4467 | M41: =L41-J41 -> -1999.4467 | N41: б.у. | O41: Списание | P41: 45900 | S41: Гайка литая двухрожковая Г2Р90Ч 90мм | T41: БУ | U41: 8742.5 | V41: =U41/U42 -> 116.56667 | X41: Привязь страховочная УП-2Ж ГОСТ Р ЕН 361-2008, ГОСТ Р ЕН 358-2008 | Y41: БУ | Z41: 20870.4 | AA41: =Z41/Z42 -> 2087.04
A42: 39 | B42: Машина шлифовальная угловая УШМ Makita 9555 HN | C42: шт | D42: 2 | E42: 6100 | I42: Не пригодны | J42: =E42 -> 6100 | K42: =J42*D42 -> 12200 | M42: =L42-J42 -> -6100 | N42: б.у. | O42: Списание | P42: 45900 | T42: Кол. | U42: 75 | Y42: Кол. | Z42: 10
A43: 40 | B43: Молоток сварщика SH2 | C43: шт | D43: 1 | E43: 541.66 | F43: 0.3 | G43: 0.07 | J43: =E43*(1-F43)*(1-G43)*(1-H43) -> 352.62066 | K43: =J43*D43 -> 352.62066 | M43: =L43-J43 -> -352.62066 | N43: б.у. | S43: Гайка М12-6Н.8.20ГР ГОСТ 5927-70 | T43: БУ | U43: 4900.5 | V43: =U43/U44 -> 4.5375 | X43: Пушка тепловая электрическая ТЭП-3000К | Y43: БУ | Z43: 3360 | AA43: =Z43/Z44 -> 3360
A44: 41 | B44: Наконечник 10-8-5-М-Т2 ГОСТ 7386-80 | C44: шт | D44: 68 | E44: 18.03 | G44: 0.07 | J44: =E44*(1-F44)*(1-G44)*(1-H44) -> 16.7679 | K44: =J44*D44 -> 1140.2172 | M44: =L44-J44 -> -16.7679 | N44: новый | T44: Кол. | U44: 1080 | Y44: Кол. | Z44: 1
A45: 42 | B45: Насос инъекционный ручной КСГ MAN-1000 1100 | C45: шт | D45: 1 | E45: 6000 | G45: 0.07 | J45: =E45*(1-F45)*(1-G45)*(1-H45) -> 5580 | K45: =J45*D45 -> 5580 | M45: =L45-J45 -> -5580 | N45: новый | S45: Гайка шестигранная нормальная ГОСТ ISO 4032-М12-5-А9А | T45: БУ | U45: 15953.33 | V45: =U45/U46 -> 6.042928 | X45: Резак пропановый Р3П-02 ГОСТ 5191-79 | Y45: БУ | Z45: 3360 | AA45: =Z45/Z46 -> 3360
A46: 43 | B46: Нивелир оптический ADA Ruber-X32 | C46: шт | D46: 1 | E46: 5000 | I46: Не пригодны | J46: =E46 -> 5000 | K46: =J46*D46 -> 5000 | M46: =L46-J46 -> -5000 | N46: б.у. | O46: Списание | P46: 45900 | T46: Кол. | U46: 2640 | Y46: Кол. | Z46: 1
A47: 44 | B47: Нить ЕС6 13х2 Z100 ГОСТ 8325-2015 | C47: кг | D47: 122 | E47: 1214.5806 | G47: 0.07 | J47: =E47*(1-F47)*(1-G47)*(1-H47) -> 1129.5599 | K47: =J47*D47 -> 137806.31 | M47: =L47-J47 -> -1129.5599 | N47: новая | S47: Гайка шестигранная нормальная ГОСТ ISO 4032-М8-5 | T47: БУ | U47: 11312.31 | V47: =U47/U48 -> 2.674305 | X47: Стойка контрольно-измерительного пункта СКИП-2Б-36-4-2,0-УХЛ1 | Y47: БУ | Z47: 9735.45 | AA47: =Z47/Z48 -> 4867.725
A48: 45 | B48: Опора 325-КП-А11 20 ОСТ 36-146-88 | C48: шт | D48: 12 | E48: 3427.4867 | G48: 0.07 | J48: =E48*(1-F48)*(1-G48)*(1-H48) -> 3187.5626 | K48: =J48*D48 -> 38250.751 | M48: =L48-J48 -> -3187.5626 | N48: новая | T48: Кол. | U48: 4230 | Y48: Кол. | Z48: 2
A49: 46 | B49: Отвод 90°-32х4-20 ГОСТ 17375-2001 | C49: шт | D49: 1 | E49: 693.61 | G49: 0.07 | J49: =E49*(1-F49)*(1-G49)*(1-H49) -> 645.0573 | K49: =J49*D49 -> 645.0573 | M49: =L49-J49 -> -645.0573 | N49: новый | S49: Домкрат реечный 10 т 250х270х775 мм | T49: БУ | U49: 10000 | V49: =U49/U50 -> 10000 | X49: Строп СТП-1,0/2000 | Y49: БУ | Z49: 810 | AA49: =Z49/Z50 -> 135
A50: 47 | B50: Отвод П 45°-108х8-20 ГОСТ 17375-2001 | C50: шт | D50: 1 | E50: 1660.45 | G50: 0.07 | J50: =E50*(1-F50)*(1-G50)*(1-H50) -> 1544.2185 | K50: =J50*D50 -> 1544.2185 | M50: =L50-J50 -> -1544.2185 | N50: новый | T50: Кол. | U50: 1 | Y50: Кол. | Z50: 6
A51: 48 | B51: Плоскогубцы L=180 мм | C51: шт | D51: 2 | E51: 57.775 | H51: 0.5 | J51: =E51*(1-F51)*(1-G51)*(1-H51) -> 28.8875 | K51: =J51*D51 -> 57.775 | M51: =L51-J51 -> -28.8875 | N51: б.у. | S51: Дрель ударная Makita HP 1640 | T51: БУ | U51: 3000 | V51: =U51/U52 -> 3000 | X51: Строп СТП-3/2000 | Y51: БУ | Z51: 2280 | AA51: =Z51/Z52 -> 380
A52: 49 | B52: Пояс предохранительный ПП-2АЖ ГОСТ Р ЕН 358-2008 | C52: шт | D52: 6 | E52: 2059 | I52: Не пригодны | J52: =E52 -> 2059 | K52: =J52*D52 -> 12354 | M52: =L52-J52 -> -2059 | N52: б.у. | O52: Списание | P52: 45900 | T52: Кол. | U52: 1 | Y52: Кол. | Z52: 6
A53: 50 | B53: Пробка 3-Rc 1/2-20 АТК 24.218.01-90 | C53: шт | D53: 30 | E53: 211.98467 | G53: 0.07 | J53: =E53*(1-F53)*(1-G53)*(1-H53) -> 197.14574 | K53: =J53*D53 -> 5914.3722 | M53: =L53-J53 -> -197.14574 | N53: новая | S53: Дрель-шуруповерт Makita DDF453SYE | T53: БУ | U53: 4000 | V53: =U53/U54 -> 4000 | X53: Строп СТП-5,0/3000 | Y53: БУ | Z53: 5700 | AA53: =Z53/Z54 -> 950
A54: 51 | B54: Прокладка 1-150-6,3-1 ОСТ 26.260.461-99 | C54: шт | D54: 2 | E54: 2639.07 | G54: 0.07 | J54: =E54*(1-F54)*(1-G54)*(1-H54) -> 2454.3351 | K54: =J54*D54 -> 4908.6702 | M54: =L54-J54 -> -2454.3351 | N54: новая | T54: Кол. | U54: 1 | Y54: Кол. | Z54: 6
A55: 52 | B55: Прокладка 1-200-6,3-1 ОСТ 26.260.461-99 | C55: шт | D55: 6 | E55: 3247.0733 | G55: 0.07 | J55: =E55*(1-F55)*(1-G55)*(1-H55) -> 3019.7782 | K55: =J55*D55 -> 18118.669 | M55: =L55-J55 -> -3019.7782 | N55: новая | S55: Заглушка 4-15-16 12Х18Н10Т АТК 24.200.02-90 | T55: БУ | U55: 14245.77 | V55: =U55/U56 -> 7122.885 | X55: Счетчик электроэнергии ЦЭ-6803В 1 3ф 230В 5-60А | Y55: БУ | Z55: 3188 | AA55: =Z55/Z56 -> 3188
A56: 53 | B56: Прокладка 1-300-6,3-1 ОСТ 26.260.461-99 | C56: шт | D56: 6 | E56: 4523.0717 | G56: 0.07 | J56: =E56*(1-F56)*(1-G56)*(1-H56) -> 4206.4567 | K56: =J56*D56 -> 25238.74 | M56: =L56-J56 -> -4206.4567 | N56: новая | T56: Кол. | U56: 2 | Y56: Кол. | Z56: 1
A57: 54 | B57: Прокладка 1-50-10,0-1 ОСТ 26.260.461-99 | C57: шт | D57: 13 | E57: 1202.2692 | G57: 0.07 | J57: =E57*(1-F57)*(1-G57)*(1-H57) -> 1118.1104 | K57: =J57*D57 -> 14535.435 | M57: =L57-J57 -> -1118.1104 | N57: новая | S57: Заглушка 4-25-16 12Х18Н10Т АТК 24-200.02-90 | T57: БУ | U57: 9133.77 | V57: =U57/U58 -> 9133.77 | X57: Талреп М39 DIN 1478 | Y57: БУ | Z57: 176000 | AA57: =Z57/Z58 -> 8800
A58: 55 | B58: Профилометр PosiTector SPG 1 ASTM D4417-B | C58: шт | D58: 1 | E58: 30000 | I58: Не пригодны | J58: =E58 -> 30000 | K58: =J58*D58 -> 30000 | M58: =L58-J58 -> -30000 | N58: б.у. | O58: Списание | P58: 45900 | T58: Кол. | U58: 1 | Y58: Кол. | Z58: 20
A59: 56 | B59: Пульт управления ПУ ATV для шкафов ШСАУ | C59: шт | D59: 36 | E59: 3000 | G59: 0.07 | J59: =E59*(1-F59)*(1-G59)*(1-H59) -> 2790 | K59: =J59*D59 -> 100440 | M59: =L59-J59 -> -2790 | N59: новый | S59: Заглушка П 159х8-20 ГОСТ 17379-2001 | T59: БУ | U59: 1457.7 | V59: =U59/U60 -> 1457.7 | X59: Удлинитель на катушке 3х50м | Y59: БУ | Z59: 54016.7 | AA59: =Z59/Z60 -> 5401.67
A60: 57 | B60: Радиостанция Baofeng UV-82 | C60: шт | D60: 5 | E60: 2126.668 | F60: 0.3 | G60: 0.07 | J60: =E60*(1-F60)*(1-G60)*(1-H60) -> 1384.4609 | K60: =J60*D60 -> 6922.3043 | M60: =L60-J60 -> -1384.4609 | N60: б.у. | T60: Кол. | U60: 1 | Y60: Кол. | Z60: 10
A61: 58 | B61: Редуктор кислородный БКО-50-12,5 | C61: шт | D61: 1 | E61: 933.33 | H61: 0.5 | J61: =E61*(1-F61)*(1-G61)*(1-H61) -> 466.665 | K61: =J61*D61 -> 466.665 | M61: =L61-J61 -> -466.665 | N61: б.у. | S61: Задвижка клиновая 31нж45нж J-DN15-PN1,6 | T61: БУ | U61: 20754.79 | V61: =U61/U62 -> 20754.79 | X61: Уровень магнитный 3-х глазковый L=600мм | Y61: БУ | Z61: 1337.2 | AA61: =Z61/Z62 -> 668.6
A62: 59 | B62: Редуктор пропановый БПО-5 | C62: шт | D62: 1 | E62: 965.83 | H62: 0.5 | J62: =E62*(1-F62)*(1-G62)*(1-H62) -> 482.915 | K62: =J62*D62 -> 482.915 | M62: =L62-J62 -> -482.915 | N62: б.у. | T62: Кол. | U62: 1 | V62: =U62/U63 -> 6.0809015e-05 | Y62: Кол. | Z62: 2
A63: 60 | B63: Резак пропановый Р3П-02 ГОСТ 5191-79 | C63: шт | D63: 1 | E63: 2180 | H63: 0.5 | J63: =E63*(1-F63)*(1-G63)*(1-H63) -> 1090 | K63: =J63*D63 -> 1090 | M63: =L63-J63 -> -1090 | N63: б.у. | S63: Клапан 15нж68нж J-15-1.6 | T63: БУ | U63: 16444.93 | V63: =U63/U64 -> 16444.93 | X63: Уровень строительный 2000мм | Y63: БУ | Z63: 3975 | AA63: =Z63/Z64 -> 1987.5
A64: 61 | B64: Резак пропановый Р3П-03 ГОСТ 5191-79 | C64: шт | D64: 1 | E64: 3000 | H64: 0.5 | J64: =E64*(1-F64)*(1-G64)*(1-H64) -> 1500 | K64: =J64*D64 -> 1500 | M64: =L64-J64 -> -1500 | N64: б.у. | T64: Кол. | U64: 1 | Y64: Кол. | Z64: 2
A65: 62 | B65: Резак пропановый РЗП-МУ ГОСТ 5191-79 | C65: шт | D65: 2 | E65: 1000 | H65: 0.5 | J65: =E65*(1-F65)*(1-G65)*(1-H65) -> 500 | K65: =J65*D65 -> 1000 | M65: =L65-J65 -> -500 | N65: б.у. | S65: Клапан 15с68нж-25-4 | T65: БУ | U65: 7612.56 | V65: =U65/U66 -> 7612.56 | X65: Шаблон сварщика универсальный УШС-3 | Y65: БУ | Z65: 1200 | AA65: =Z65/Z66 -> 1200
A66: 63 | B66: Рейка нивелирная ADA STAFF 5 | C66: шт | D66: 1 | E66: 3325 | F66: 0.3 | G66: 0.07 | J66: =E66*(1-F66)*(1-G66)*(1-H66) -> 2164.575 | K66: =J66*D66 -> 2164.575 | M66: =L66-J66 -> -2164.575 | N66: б.у. | T66: Кол. | U66: 1 | Y66: Кол. | Z66: 1
A67: 64 | B67: Сгон 15 ГОСТ 8969-75 | C67: шт | D67: 27 | E67: 40 | G67: 0.07 | J67: =E67*(1-F67)*(1-G67)*(1-H67) -> 37.2 | K67: =J67*D67 -> 1004.4 | M67: =L67-J67 -> -37.2 | N67: новый | S67: Кран трехходовой RM 1/2IG х 1/2AG (G1/2внутр. — G1/2наруж.) 1,6МПа латунь ГОСТ 21345-2005 | T67: БУ | U67: 8655 | V67: =U67/U68 -> 480.83333
A68: 65 | B68: Секция нагревательная кабельная Freezstop-25-8 | C68: шт | D68: 7 | E68: 1000 | H68: 0.5 | J68: =E68*(1-F68)*(1-G68)*(1-H68) -> 500 | K68: =J68*D68 -> 3500 | M68: =L68-J68 -> -500 | N68: б.у. | T68: Кол. | U68: 18
A69: 66 | B69: Склерометр электронный ОНИКС-2.5 | C69: шт | D69: 1 | E69: 40000 | H69: 0.5 | J69: =E69*(1-F69)*(1-G69)*(1-H69) -> 20000 | K69: =J69*D69 -> 20000 | M69: =L69-J69 -> -20000 | N69: б.у. | S69: Кран шаровой 1/2 | T69: БУ | U69: 4057.5 | V69: =U69/U70 -> 450.83333
A70: 67 | B70: Стеклоткань ЭЗ/2-200 | C70: м2 | D70: 244 | E70: 47.42 | G70: 0.07 | J70: =E70*(1-F70)*(1-G70)*(1-H70) -> 44.1006 | K70: =J70*D70 -> 10760.546 | M70: =L70-J70 -> -44.1006 | N70: новая | T70: Кол. | U70: 9
A71: 68 | B71: Строп канатный с двумя карабинами В | C71: шт | D71: 6 | E71: 1000 | I71: Не пригодны | J71: =E71 -> 1000 | K71: =J71*D71 -> 6000 | M71: =L71-J71 -> -1000 | N71: б.у. | O71: Списание | P71: 45900 | T71: Кол. | U71: 1
A72: 69 | B72: Тележка транспортировочная КП-2 | C72: шт | D72: 1 | E72: 5100 | F72: 0.3 | G72: 0.07 | J72: =E72*(1-F72)*(1-G72)*(1-H72) -> 3320.1 | K72: =J72*D72 -> 3320.1 | M72: =L72-J72 -> -3320.1 | N72: б.у. | S72: Лестница алюминиевая трехсекционная 16 ступеней | T72: БУ | U72: 1500 | V72: =U72/U73 -> 1500
A73: 70 | B73: Термопенал ТП 5/150 | C73: шт | D73: 1 | E73: 1250 | F73: 0.3 | G73: 0.07 | J73: =E73*(1-F73)*(1-G73)*(1-H73) -> 813.75 | K73: =J73*D73 -> 813.75 | M73: =L73-J73 -> -813.75 | N73: б.у. | T73: Кол. | U73: 1
A74: 71 | B74: Термочехол КОРДА-ЧСТЭ-200 ТА-З-25-40 | C74: шт | D74: 8 | E74: 2013.035 | G74: 0.07 | J74: =E74*(1-F74)*(1-G74)*(1-H74) -> 1872.1226 | K74: =J74*D74 -> 14976.98 | M74: =L74-J74 -> -1872.1226 | N74: новый | S74: Машина шлифовальная угловая УШМ Makita 9555 HN | T74: БУ | U74: 12200 | V74: =U74/U75 -> 6100
A75: 72 | B75: Термочехол КОРДА-ЧСТЭ-200 ТА-З-50-40 | C75: шт | D75: 3 | E75: 2596.3667 | G75: 0.07 | J75: =E75*(1-F75)*(1-G75)*(1-H75) -> 2414.621 | K75: =J75*D75 -> 7243.863 | M75: =L75-J75 -> -2414.621 | N75: новый | T75: Кол. | U75: 2
A76: 73 | B76: Термочехол КОРДА-ЧСТЭ-200 ТА-ОК-50-40 | C76: шт | D76: 1 | E76: 2596.36 | G76: 0.07 | J76: =E76*(1-F76)*(1-G76)*(1-H76) -> 2414.6148 | K76: =J76*D76 -> 2414.6148 | M76: =L76-J76 -> -2414.6148 | N76: новый | S76: Молоток сварщика SH2 | T76: БУ | U76: 541.66 | V76: =U76/U77 -> 541.66
A77: 74 | B77: Термочехол КОРДА-ЧСТЭ-200 ТА-ФС-100-50 | C77: шт | D77: 2 | E77: 2679.7 | G77: 0.07 | J77: =E77*(1-F77)*(1-G77)*(1-H77) -> 2492.121 | K77: =J77*D77 -> 4984.242 | M77: =L77-J77 -> -2492.121 | N77: новый | T77: Кол. | U77: 1
A78: 75 | B78: Термочехол КОРДА-ЧСТЭ-200 ТА-ФС-125-50 | C78: шт | D78: 1 | E78: 3513.04 | G78: 0.07 | J78: =E78*(1-F78)*(1-G78)*(1-H78) -> 3267.1272 | K78: =J78*D78 -> 3267.1272 | M78: =L78-J78 -> -3267.1272 | N78: новый | S78: Наконечник 10-8-5-М-Т2 ГОСТ 7386-80 | T78: БУ | U78: 1226.04 | V78: =U78/U79 -> 18.03
A79: 76 | B79: Термочехол КОРДА-ЧСТЭ-200 ТА-ФС-25-40 | C79: шт | D79: 2 | E79: 1763.035 | G79: 0.07 | J79: =E79*(1-F79)*(1-G79)*(1-H79) -> 1639.6226 | K79: =J79*D79 -> 3279.2451 | M79: =L79-J79 -> -1639.6226 | N79: новый | T79: Кол. | U79: 68
A80: 77 | B80: Термочехол КОРДА-ЧСТЭ-200 ТА-ФС-250-60 | C80: шт | D80: 1 | E80: 5679.7 | G80: 0.07 | J80: =E80*(1-F80)*(1-G80)*(1-H80) -> 5282.121 | K80: =J80*D80 -> 5282.121 | M80: =L80-J80 -> -5282.121 | N80: новый | S80: Насос инъекционный ручной КСГ MAN-1000 1100 | T80: БУ | U80: 6000 | V80: =U80/U81 -> 6000
A81: 78 | B81: Термочехол КОРДА-ЧСТЭ-200 ТА-ФС-50-40 | C81: шт | D81: 4 | E81: 1929.7025 | G81: 0.07 | J81: =E81*(1-F81)*(1-G81)*(1-H81) -> 1794.6233 | K81: =J81*D81 -> 7178.4933 | M81: =L81-J81 -> -1794.6233 | N81: новый | T81: Кол. | U81: 1
A82: 79 | B82: Термочехол КОРДА-ЧСТЭ-200 ТА-ФС-80-50 | C82: шт | D82: 2 | E82: 2342.2 | G82: 0.07 | J82: =E82*(1-F82)*(1-G82)*(1-H82) -> 2178.246 | K82: =J82*D82 -> 4356.492 | M82: =L82-J82 -> -2178.246 | N82: новый | S82: Нивелир оптический ADA Ruber-X32 | T82: БУ | U82: 5000 | V82: =U82/U83 -> 5000
A83: 80 | B83: Толщиномер ультразвуковой А1208 | C83: шт | D83: 1 | E83: 55000 | H83: 0.5 | J83: =E83*(1-F83)*(1-G83)*(1-H83) -> 27500 | K83: =J83*D83 -> 27500 | M83: =L83-J83 -> -27500 | N83: б.у. | T83: Кол. | U83: 1
A84: 81 | B84: Труба 21х3х6000 ГОСТ 8734-75 В 20 ГОСТ 8733-74 | C84: м | D84: 11 | E84: 287.04586 | G84: 0.07 | J84: =E84*(1-F84)*(1-G84)*(1-H84) -> 266.95265 | K84: =J84*D84 -> 2936.4792 | M84: =L84-J84 -> -266.95265 | N84: новая | S84: Нить ЕС6 13х2 Z100 ГОСТ 8325-2015 | T84: БУ | U84: 148178.83 | V84: =U84/U85 -> 1214.5806
A85: 82 | B85: Труба 22х6х6000 12Х18Н10Т ГОСТ 9941-2022 | C85: м | D85: 70 | E85: 1163.2371 | G85: 0.07 | J85: =E85*(1-F85)*(1-G85)*(1-H85) -> 1081.8105 | K85: =J85*D85 -> 75726.738 | M85: =L85-J85 -> -1081.8105 | N85: новая | T85: Кол. | U85: 122
A86: 83 | B86: Труба 22х6х6000 ГОСТ 8734-75 В 20 ГОСТ 8733-74 | C86: м | D86: 15.55 | E86: 474.63023 | G86: 0.07 | J86: =E86*(1-F86)*(1-G86)*(1-H86) -> 441.40611 | K86: =J86*D86 -> 6863.865 | M86: =L86-J86 -> -441.40611 | N86: новая | S86: Опора 325-КП-А11 20 ОСТ 36-146-88 | T86: БУ | U86: 41129.84 | V86: =U86/U87 -> 3427.4867
A87: 84 | B87: Труба 25х3,5х6000 ГОСТ 8734-75 В 20 ГОСТ 8733-74 | C87: м | D87: 9.1 | E87: 325.5989 | G87: 0.07 | J87: =E87*(1-F87)*(1-G87)*(1-H87) -> 302.80698 | K87: =J87*D87 -> 2755.5435 | M87: =L87-J87 -> -302.80698 | N87: новая | T87: Кол. | U87: 12
A88: 85 | B88: Труба А-57х6х12000-15Х5М ГОСТ 550-75 | C88: м | D88: 4.6 | E88: 2349.0152 | G88: 0.07 | J88: =E88*(1-F88)*(1-G88)*(1-H88) -> 2184.5842 | K88: =J88*D88 -> 10049.087 | M88: =L88-J88 -> -2184.5842 | N88: новая | S88: Отвод 90°-32х4-20 ГОСТ 17375-2001 | T88: БУ | U88: 693.61 | V88: =U88/U89 -> 693.61
A89: 86 | B89: Уголок В-32х32х3 L=6000 ГОСТ 8509-93 Ст3пс5-1ГП ГОСТ 535-2005 | C89: кг | D89: 59.16 | E89: 86.666667 | G89: 0.07 | J89: =E89*(1-F89)*(1-G89)*(1-H89) -> 80.6 | K89: =J89*D89 -> 4768.296 | M89: =L89-J89 -> -80.6 | N89: новая | T89: Кол. | U89: 1
A90: 87 | B90: Угольник столярный 400мм | C90: шт | D90: 1 | E90: 515 | F90: 0.3 | G90: 0.07 | J90: =E90*(1-F90)*(1-G90)*(1-H90) -> 335.265 | K90: =J90*D90 -> 335.265 | M90: =L90-J90 -> -335.265 | N90: б.у. | S90: Отвод П 45°-108х8-20 ГОСТ 17375-2001 | T90: БУ | U90: 1660.45 | V90: =U90/U91 -> 1660.45
A91: 88 | B91: Фланец 100-16-11-1-В-Ст20-IV ГОСТ 33259-2015 | C91: шт | D91: 3 | E91: 941.66667 | G91: 0.07 | J91: =E91*(1-F91)*(1-G91)*(1-H91) -> 875.75 | K91: =J91*D91 -> 2627.25 | M91: =L91-J91 -> -875.75 | N91: новый | T91: Кол. | U91: 1
A92: 89 | B92: Фланец 15-160-11-1-J-20 ГОСТ 33259-2015 | C92: шт | D92: 10 | E92: 3966.702 | G92: 0.07 | J92: =E92*(1-F92)*(1-G92)*(1-H92) -> 3689.0329 | K92: =J92*D92 -> 36890.329 | M92: =L92-J92 -> -3689.0329 | N92: новый | S92: Плоскогубцы L=180 мм | T92: БУ | U92: 115.55 | V92: =U92/U93 -> 57.775
A93: 90 | B93: Фланец 25-63-11-1-J-20 ГОСТ 33259-2015 | C93: шт | D93: 5 | E93: 3291.176 | G93: 0.07 | J93: =E93*(1-F93)*(1-G93)*(1-H93) -> 3060.7937 | K93: =J93*D93 -> 15303.968 | M93: =L93-J93 -> -3060.7937 | N93: новый | T93: Кол. | U93: 2
A94: 91 | B94: Фланец 50-16-11-1-В-Ст20-IV ГОСТ 33259-2015 | C94: шт | D94: 3 | E94: 475 | G94: 0.07 | J94: =E94*(1-F94)*(1-G94)*(1-H94) -> 441.75 | K94: =J94*D94 -> 1325.25 | M94: =L94-J94 -> -441.75 | N94: новый | S94: Пояс предохранительный ПП-2АЖ ГОСТ Р ЕН 358-2008 | T94: БУ | U94: 12354 | V94: =U94/U95 -> 2059
A95: 92 | B95: Центратор звенный наружный ЦЗН-219 | C95: шт | D95: 1 | E95: 2600 | F95: 0.3 | G95: 0.07 | J95: =E95*(1-F95)*(1-G95)*(1-H95) -> 1692.6 | K95: =J95*D95 -> 1692.6 | M95: =L95-J95 -> -1692.6 | N95: б.у. | T95: Кол. | U95: 6
A96: 93 | B96: Центратор звенный наружный ЦЗН-325 | C96: шт | D96: 1 | E96: 3500 | F96: 0.3 | G96: 0.07 | J96: =E96*(1-F96)*(1-G96)*(1-H96) -> 2278.5 | K96: =J96*D96 -> 2278.5 | M96: =L96-J96 -> -2278.5 | N96: б.у. | S96: Пробка 3-Rc 1/2-20 АТК 24.218.01-90 | T96: БУ | U96: 6359.54 | V96: =U96/U97 -> 211.98467
A97: 94 | B97: Центратор звенный наружный ЦЗН-530 | C97: шт | D97: 1 | E97: 3000 | F97: 0.3 | G97: 0.07 | J97: =E97*(1-F97)*(1-G97)*(1-H97) -> 1953 | K97: =J97*D97 -> 1953 | M97: =L97-J97 -> -1953 | N97: б.у. | T97: Кол. | U97: 30
A98: 95 | B98: Цилиндр минераловатный без покрытия 1000х18х30 | C98: м | D98: 220 | E98: 122.12045 | G98: 0.07 | J98: =E98*(1-F98)*(1-G98)*(1-H98) -> 113.57202 | K98: =J98*D98 -> 24985.845 | M98: =L98-J98 -> -113.57202 | N98: новый | S98: Прокладка 1-150-6,3-1 ОСТ 26.260.461-99 | T98: БУ | U98: 5278.14 | V98: =U98/U99 -> 2639.07
A99: 96 | B99: Цилиндр минераловатный без покрытия 1000х22х40 | C99: м | D99: 1 | E99: 188.94 | G99: 0.07 | J99: =E99*(1-F99)*(1-G99)*(1-H99) -> 175.7142 | K99: =J99*D99 -> 175.7142 | M99: =L99-J99 -> -175.7142 | N99: новый | T99: Кол. | U99: 2
A100: 97 | B100: Цилиндр минераловатный без покрытия 1000х32х40 | C100: м | D100: 112 | E100: 217.27929 | G100: 0.07 | J100: =E100*(1-F100)*(1-G100)*(1-H100) -> 202.06974 | K100: =J100*D100 -> 22631.81 | M100: =L100-J100 -> -202.06974 | N100: новый | S100: Прокладка 1-200-6,3-1 ОСТ 26.260.461-99 | T100: БУ | U100: 19482.44 | V100: =U100/U101 -> 3247.0733
A101: 98 | B101: Цилиндр минераловатный без покрытия 1000х89х40 | C101: м | D101: 1 | E101: 317.19 | G101: 0.07 | J101: =E101*(1-F101)*(1-G101)*(1-H101) -> 294.9867 | K101: =J101*D101 -> 294.9867 | M101: =L101-J101 -> -294.9867 | N101: новый | T101: Кол. | U101: 6
...

Sheet СВОД РМ Рейл
A1: Неликвиды РМ Рейл на 01.07.
A3: Неон | B3: =Неон!H39 -> 2417117.8
A4: АВМ | B4: ='АВМ-общая'!#REF! -> #REF!
A5: РЗХМ | B5: =#REF! -> #REF!
A6: ВКМ Сервис | B6: ='ВКМ Сервис'!H38 -> 1770442.3
A7: ВКМ Сталь | B7: ='ВКМ Сталь'!H12 -> 3702356.9
A8: Машзавод | B8: =Машзавод!H641 -> 10938245
A9: РВС | B9: =РВС!K181 -> 2749232.5
B10: =SUM(B3:B9) -> #REF!
